 Dungeon Crawl Stone Soup version 0.30-a0-210-g01b79a254e (webtiles) character file.

Game seed: 1343735846244934418

1497930 sleeves the Phalangite (level 27, 216/216 (217) HPs)
             Began as a Formicid Hexslinger on Oct 5, 2022.
             Was the Champion of Fedhas.
             Escaped with the Orb
             ... and 3 runes!
             The game lasted 03:24:45 (86681 turns).

sleeves the Phalangite (Formicid Hexslinger)       Turns: 86681, Time: 03:24:46

HP:   216/216 (217) AC: 53    Str: 34    XL:     27
MP:   20/35         EV: 18    Int: 11    God:    Fedhas [******]
Gold: 1194          SH: 20    Dex: 12    Spells: 23/28 levels left

rFire   + + +      SeeInvis +    b - +18 lance "Wyrmbane" {slay drac, rPois rF+ rC+ AC+3}
rCold   + + +      Faith    .    G - +0 kite shield {reflect} {Donald}
rNeg    . . .      Spirit   .    h - +12 gold dragon scales
rPois   +          Reflect  +    (helmet unavailable)
rElec   +          Harm     .    Q - +1 cloak of Starlight {*Dazzle EV+4 Stlth--}
rCorr   .          Rampage  .    J - +3 Mad Mage's Maulers {Infuse+∞ RegenMP Int-3}
Will    +++..                    P - +3 pair of mountain boots {steadfast, rC+}
Stlth   ..........               y - amulet of reflection
HPRegen 0.56/turn                z - ring of Patience {rElec rF+}
MPRegen 0.64/turn                n - ring of willpower

@: lightly drained
A: permanent stasis, dig shafts and tunnels, antennae 3, four strong arms,
talons 1, screaming 1, strong 2
0: Orb of Zot
}: 3/15 runes: decaying, abyssal, gossamer
a: Dig, Shaft Self, Renounce Religion, Wall of Briars, Grow Ballistomycete,
Overgrow, Grow Oklob


You escaped.
You worshipped Fedhas.
Fedhas was exalted by your worship.
You visited 10 branches of the dungeon, and saw 47 of its levels.
You visited the Abyss 2 times.
You visited 1 bazaar.
You also visited: Ossuary, Gauntlet, Ice Cave and Wizlab.

You collected 6127 gold pieces.
You spent 4933 gold pieces at shops.

Inventory:

Hand Weapons
 a - a +9 bardiche of venom
   (You found it on level 12 of the Dungeon)
 b - the +18 lance "Wyrmbane" (weapon) {slay drac, rPois rF+ rC+ AC+3}
   (You took it off a spriggan air mage on level 2 of the Depths)

   It inflicts extra damage against dragons and draconians.
   AC:        It affects your AC (+3).
   rF:        It protects you from fire.
   rC:        It protects you from cold.
   rPois:     It protects you from poison.
Missiles
 f - 3 silver javelins
 g - 15 javelins
 x - 4 atropa-tipped darts
 D - 14 curare-tipped darts
 F - 5 silver boomerangs
 I - 5 throwing nets
 S - 35 boomerangs (quivered)
 Z - 6 boomerangs of dispersal
Armour
 h - +12 gold dragon scales (worn)
   (You found it on level 1 of the Realm of Zot)
 i - the +2 pair of boots of the Dungeon {Rampage rElec rCorr Int-5}
   (You found it in a Gauntlet)

   Int:       It affects your intelligence (-5).
   rElec:     It insulates you from electricity.
   rCorr:     It protects you from acid and corrosion.
   Rampage:   It bestows one free step when moving towards enemies.
 G - a +0 kite shield of reflection (worn) {Donald}
   (You took it off Donald on level 1 of the Vaults)
 J - the +3 Mad Mage's Maulers (worn) {Infuse+∞ RegenMP Int-3}
   (You bought it in a shop in a bazaar)

   It empowers its wearer's blows with all of their magic.
   It causes its wearer's magical reserves to regenerate more quickly.
   Int:       It affects your intelligence (-3).
 K - the +9 plate armour of the Ladybird {rC- Regen+ Str+6 Dex+2}
   (You bought it in a shop in a bazaar)

   Str:       It affects your strength (+6).
   Dex:       It affects your dexterity (+2).
   rC:        It makes you vulnerable to cold.
   Regen:     It increases your rate of health regeneration.
 P - the +3 pair of mountain boots (worn) {steadfast, rC+}
   (You found it on level 4 of the Realm of Zot)

   It prevents involuntary movement, except for blinking, teleportation, or
   banishment.
   rC:        It protects you from cold.
 Q - the +1 cloak of Starlight (worn) {*Dazzle EV+4 Stlth--}
   (You bought it in a shop on level 3 of the Elven Halls)

   It may blind those who miss an attack against the wearer in melee combat.
   EV:        It affects your evasion (+4).
   Stlth:     It makes you much less stealthy.
Jewellery
 n - a ring of willpower (right hand)
   (You found it on level 2 of the Swamp)
 r - the ring of Xom's Entertainment {Str+6 SInv Stlth+}
   (You found it on level 3 of the Elven Halls)

   [ring of strength]

   Str:       It affects your strength (+6).
   SInv:      It lets you see invisible.
   Stlth:     It makes you more stealthy.
 y - an amulet of reflection (around neck)
   (You took it off an orc on level 2 of the Dungeon)
 z - the ring of Patience (left hand) {rElec rF+}
   (You bought it in a shop on level 3 of the Elven Halls)

   [ring of protection from fire]

   rF:        It protects you from fire.
   rElec:     It insulates you from electricity.
 E - a ring of resist corrosion
   (You found it in an ice cave)
 N - the ring of Fixtos {rC+ Int+2}
   (You found it on level 1 of the Spider Nest)

   [ring of protection from cold]

   Int:       It affects your intelligence (+2).
   rC:        It protects you from cold.
Wands
 C - a wand of digging (9)
   (You found it on level 3 of the Dungeon)
 T - a wand of light (29)
   (You found it on level 7 of the Dungeon)
 Y - a wand of iceblast (28)
   (You found it on level 10 of the Dungeon)
Scrolls
 d - 9 scrolls of immolation
 j - 9 scrolls of butterflies
 p - 3 scrolls of fear
 v - 4 scrolls of enchant weapon
 w - 3 scrolls of enchant armour
 B - 2 scrolls of silence
 L - 3 scrolls of torment
 O - 8 scrolls of amnesia
 U - 6 scrolls of magic mapping
 X - 6 scrolls of summoning
Potions
 e - a potion of cancellation
 l - 16 potions of curing
 m - 6 potions of mutation
 q - 5 potions of heal wounds
 s - 8 potions of brilliance
 t - a potion of might
 u - 2 potions of magic
 A - 8 potions of attraction
 H - 5 potions of flight
 M - 10 potions of ambrosia
 V - 4 potions of resistance
 W - 2 potions of invisibility
Miscellaneous
 c - a condenser vane
   (You found it on level 1 of the Lair of Beasts)
 k - a phial of floods
   (You found it on level 9 of the Dungeon)
 o - a phantom mirror
   (You found it on level 4 of the Vaults)


   Skills:
 + Level 18.1 Fighting
 - Level 24.0 Polearms
 - Level 2.0 Ranged Weapons
 - Level 18.0 Throwing
 + Level 23.6 Armour
 - Level 20.0 Dodging
 - Level 20.5 Shields
 - Level 1.1 Spellcasting
 - Level 3.6 Hexes
 - Level 16.0 Invocations


You had 23 spell levels left.
You knew the following spells:

 Your Spells              Type           Power      Damage    Failure   Level
a - Slow                  Hex            32%        N/A       47%         1
b - Passage of Golubria   Tloc           0%         N/A       100%        4

Your spell library contained the following spells:

 Spells                   Type           Power      Damage    Failure   Level
 Tukima's Dance           Hex            8%         N/A       85%         3
 Beastly Appendage        Tmut           0%         N/A       93%         1
 Magic Dart               Conj           0%         1d3       93%         1
 Shock                    Conj/Air       0%         1d3       93%         1
 Summon Small Mammal      Summ           0%         N/A       93%         1
 Dazzling Flash           Conj/Hex       8%         N/A       97%         3
 Inner Flame              Hex/Fire       4%         N/A       97%         3
 Portal Projectile        Hex/Tloc       8%         N/A       97%         3
 Summon Guardian Golem    Hex/Summ       4%         N/A       97%         3
 Call Imp                 Summ           0%         N/A       98%         2
 Momentum Strike          Conj/Tloc      0%         3d8       98%         2
 Scorch                   Fire           0%         2d5       98%         2
 Sublimation of Blood     Necr           0%         N/A       98%         2
 Wereblood                Tmut           0%         N/A       98%         2
 Cause Fear               Hex            4%         N/A       99%         4
 Call Canine Familiar     Summ           0%         N/A       100%        3
 Mephitic Cloud           Conj/Pois/Air  0%         N/A       100%        3
 Ozocubu's Armour         Ice            0%         N/A       100%        3
 Spider Form              Tmut/Pois      0%         N/A       100%        3
 Vhi's Electric Charge    Tloc/Air       0%         N/A       100%        3
 Airstrike                Air            0%         2d(0-16)  100%        4
 Flame Wave               Conj/Fire      0%         2d4       100%        4
 Fulminant Prism          Conj/Hex       2%         3d6       100%        4
 Leda's Liquefaction      Hex/Erth       2%         N/A       100%        4
 Manifold Assault         Tloc           0%         N/A       100%        4
 Olgreb's Toxic Radiance  Pois           0%         N/A       100%        4
 Petrify                  Tmut/Erth      0%         N/A       100%        4
 Summon Lightning Spire   Summ/Air       0%         N/A       100%        4
 Alistair's Intoxication  Tmut/Pois      0%         N/A       100%        5
 Freezing Cloud           Conj/Ice/Air   0%         6-21      100%        5
 Irradiate                Conj/Tmut      0%         3d11      100%        5
 Silence                  Hex/Air        2%         N/A       100%        5
 Summon Forest            Summ/Tloc      0%         N/A       100%        5
 Summon Mana Viper        Hex/Summ       4%         N/A       100%        5
 Yara's Violent Unravell  Hex/Tmut       2%         3d3       100%        5
 Dispersal                Tloc           0%         N/A       100%        6
 Summon Cactus Giant      Summ           0%         N/A       100%        6
 Ozocubu's Refrigeration  Ice            0%         4d7       100%        7
 Storm Form               Tmut/Air       0%         N/A       100%        7
 Summon Hydra             Summ           0%         N/A       100%        7
 Borgnjor's Revivificati  Necr           0%         N/A       100%        8
 Disjunction              Tloc           0%         N/A       100%        8
 Ignition                 Fire           0%         3d3       100%        8
 Maxwell's Capacitive Co  Air            0%         ∞         100%        8
 Necromutation            Tmut/Necr      0%         N/A       100%        8
 Death's Door             Necr           0%         N/A       100%        9
 Swiftness                Air            Unusable   N/A       N/A         3

Dungeon Overview and Level Annotations

Branches:
Dungeon (15/15)            Temple (1/1) D:5            Lair (5/5) D:8
  Swamp (4/4) Lair:3       Spider (4/4) Lair:2        Slime (0/5) Lair:4
    Orc (2/2) D:10            Elf (3/3) Orc:2        Vaults (4/5) D:14
  Crypt (0/3) Vaults:3     Depths (4/4) D:15            Zot (5/5) Depths:4
Ossuary (visited)           IceCv (visited)          WizLab (visited)
Gauntlet (visited)

Altars:
Ashenzari
Cheibriados
Dithmenos
Elyvilon
Fedhas
Gozag
Hepliaklqana
Kikubaaqudgha
Makhleb
Nemelex Xobeh
Okawaru
Qazlal
Ru
Sif Muna
Trog
Uskayaw
Vehumet
Wu Jian
Xom
Yredelemnul
Zin
The Shining One
Jiyva

Shops:
D:3 !   D:4 ?   D:5 *   D:7 =   D:10 !   Orc:1 **   Orc:2 *[(:   Elf:2 !
Elf:3 ([**[   Vaults:1 ?   Vaults:2 (   Depths:1 :   Depths:2 ?   Depths:4 [=

Portals:
Hell: Depths:1 Depths:2 Depths:3 Depths:4
Abyss: Depths:2 Depths:3 Depths:4
Pandemonium: Depths:2
Ziggurat: Depths:2

Annotations:
D:7 2 transporters, Iusername's ghost, novice MiFi
Spider:2 exclusion: downstairs
Spider:3 Roxanne
Elf:1 6 runed translucent doors
Depths:3 exclusion: 2 Tzitzimimeh
Depths:4 3 runed translucent doors, Oleutuy's ghost, veteran SpVM
Zot:4 36 runed doors


Innate Abilities, Weirdness & Mutations

You cannot be hasted, slowed, berserked, paralysed or teleported.
You can dig through walls and to a lower floor.
You have a pair of large antennae on your head. (SInv)
Your four strong arms can wield two-handed weapons with a shield.
You have sharp toenails.
You occasionally shout uncontrollably at your foes.
Your muscles are very strong. (Str +8, Int/Dex -2)


Message History

You hit the Orb Guardian but do no damage.
The Orb Guardian is moderately wounded.
You barely miss the Orb Guardian.
The Orb Guardian is moderately wounded.
You block the Orb Guardian's attack.
You hit the Orb Guardian.
The Orb Guardian is moderately wounded.
You block the Orb Guardian's attack.
You barely miss the Orb Guardian.
The Orb Guardian is moderately wounded.
You block the Orb Guardian's attack.
* * * LOW MAGIC WARNING * * *
You impale the Orb Guardian!!
The Orb Guardian is severely wounded.
You block the Orb Guardian's attack.
You closely miss the Orb Guardian.
The Orb Guardian is severely wounded.
An Orb Guardian comes into view.
* * * LOW MAGIC WARNING * * *
You puncture the Orb Guardian!
The Orb Guardian is severely wounded.
You block the Orb Guardian's attack.
You barely miss the Orb Guardian.
The Orb Guardian is severely wounded.
You block the Orb Guardian's attack.
You puncture the Orb Guardian!
The Orb Guardian is almost dead.
* * * LOW MAGIC WARNING * * *
You impale the Orb Guardian!!
You kill the Orb Guardian!
Fedhas accepts your kill.
* * * LOW MAGIC WARNING * * *
You puncture the Orb Guardian!
The Orb Guardian is lightly wounded.
The Orb Guardian barely misses you.
You closely miss the Orb Guardian.
The Orb Guardian is lightly wounded.
The Orb Guardian hits you!!
* * * LOW MAGIC WARNING * * *
You impale the Orb Guardian!!
The Orb Guardian is heavily wounded.
You closely miss the Orb Guardian.
The Orb Guardian is heavily wounded.
You block the Orb Guardian's attack.
* * * LOW MAGIC WARNING * * *
You puncture the Orb Guardian!
The Orb Guardian is severely wounded.
You block the Orb Guardian's attack.
You impale the Orb Guardian!!
The Orb Guardian is almost dead.
The Orb Guardian hits you but does no damage.
You puncture the Orb Guardian!
You kill the Orb Guardian!
Fedhas accepts your kill.
No target in view!
You start resting.
Magic restored.
You start resting.
HP restored.
You see here the Orb of Zot.
You pick up the Orb of Zot!
The Orb lets out a hideous shriek!
The lords of Pandemonium are not amused.
Beware!
Now all you have to do is get back out of the dungeon!
You hear a chilling moan.
You hear a shout! x3
A purple draconian comes into view.
It is wielding a +2 long sword of flaming.
The purple draconian drops a net on you.
You become entangled in the net!
You see here a throwing net.
You struggle against the net.
You tear a large gash into the net.
The purple draconian breathes dispelling energy at you.
The bolt of dispelling energy misses you.
You shred the net and break free!
An orange demon comes into view.
The orange demon closely misses you. You block the orange demon's attack.
The orange demon completely misses you. The orange demon misses you.
You block the orange demon's attack.
A cacodemon and 2 sixfirhies come into view.
The purple draconian breathes dispelling energy at you.
The bolt of dispelling energy hits you but does no damage.
You see here a +0 scimitar.
The sixfirhy disappears!
You block the sixfirhy's attack. x2
You block the sixfirhy's attack. The sixfirhy misses you.
The sixfirhy attacks as you move away! You block the sixfirhy's attack. x2
The sixfirhy hits you but does no damage.
You block the sixfirhy's attack. x2
You block the sixfirhy's attack. x2
The sixfirhy attacks as you move away! You block the sixfirhy's attack.
The sixfirhy hits you but does no damage.
You block the sixfirhy's attack. The sixfirhy misses you.
The sixfirhy's sight is seared by the starlight!
You block the sixfirhy's attack. The sixfirhy closely misses you.
The sixfirhy is temporarily struck blind!
The sixfirhy closely misses you. The sixfirhy hits you.
The sixfirhy shocks you. You resist. You block the sixfirhy's attack.
You see here a +0 war axe.
The purple draconian breathes dispelling energy at you.
The bolt of dispelling energy hits you!!
There is an open door here.
The sixfirhy hits you but does no damage.
You block the sixfirhy's attack. You block the sixfirhy's attack. x2
There is a stone staircase leading up here.
The sixfirhy hits you but does no damage. x2
You block the sixfirhy's attack.
You climb upwards.
Level annotation: 36 runed doors
There is a stone staircase leading down, spattered with blood here.
There is an open door here.
There is an open door here.
There is an open door here.
There is an open door here.
There is a stone staircase leading up here.
You climb upwards.
There is a stone staircase leading down here.
There is an escape hatch in the ceiling here.
A mysterious force pulls you upwards. The hatch slams shut behind you.
You can't go up here!
A Mithiupt and a soul eater come into view.
You can't go up here!
Press: ? - help, v - describe, . - travel
Here: Mithiupt The floor.
Unknown command.
Unknown command.
Unknown command.
Unknown command.
* * * LOW MAGIC WARNING * * *
You skewer Mithiupt like a kebab!!!
Mithiupt is moderately wounded.
You puncture Mithiupt!
Mithiupt is moderately wounded.
You barely miss Mithiupt.
Mithiupt is moderately wounded.
Mithiupt hits you but does no damage.
* * * LOW MAGIC WARNING * * *
You hit Mithiupt.
Mithiupt is moderately wounded.
You puncture Mithiupt!
Mithiupt is heavily wounded.
Mithiupt gestures.
Mithiupt blinks!
You block the soul eater's attack.
Mithiupt gestures.
Mithiupt gestures.
The soul eater attacks as you move away!
The soul eater barely misses you.
The soul eater's sight is seared by the starlight!
You hear a grinding noise.
You hear a grinding noise.
Mithiupt gestures.
The soul eater is no longer blind.
The Ice Fiend calls on the powers of darkness!
Your body is wracked with pain!
There is a stone staircase leading up here.
You block the soul eater's attack.
You climb upwards.
There is a stone staircase leading down here.
* * * LOW MAGIC WARNING * * *
You puncture the soul eater!
The soul eater is moderately wounded.
You impale the soul eater!!
The soul eater is almost dead.
The soul eater misses you.
You impale the soul eater!!
You kill the soul eater!
Fedhas accepts your kill.
There is an open door here.
A green death comes into view.
There is an open door here.
You see here a +0 war axe.
There is an open door, spattered with blood here.
Things that are here:
a +0 cloak; a +0 dagger
Items here: )))).
A red devil comes into view. It is wielding a +0 trident.
The red devil attacks as you move away!
The red devil hits you but does no damage.
There is an open door here.
There is a gate leading back out of this place here.
You block the red devil's attack.
You go up through the gate.
Welcome back to the Depths!
Beware, you cannot shaft yourself on this level.
Level annotation: 3 runed translucent doors, Oleutuy's ghost, veteran SpVM
There is a gate to the Realm of Zot here.
There is an open door here.
There is an open door here.
Magic restored.
Things that are here:
a +0 mace; 4 large rocks You see here +0 storm dragon scales.
You see here a +0 flail.
There is an open gate here.
Aiming: Dig
Press: ? - help, Shift-Dir - straight line A rock wall.
This square is covered in magical glow.
The rock shatters into small pieces.
Oleutuy's ghost turns its malevolent gaze towards you.
You sense a monster nearby.
A blizzard demon, a small abomination and a hellwing come into view.
There is an open door here.
Ritteec comes into view.
Ritteec rustles, "Capitulate, thou warped weeb-spouting snaffler!"
The blizzard demon shouts!
The hellwing gives a chilling moan.
Press: ? - help, v - describe, . - travel
Here: Ritteec The floor.
Unknown command.
Unknown command.
Unknown command.
Unknown command.
Unknown command.
As you read the scroll of summoning, it crumbles to dust.
Wisps of shadow whirl around you...
The hellwing swoops through the air toward you!
The hellwing misses you. You block the hellwing's attack.
An Ice Fiend comes into view.
Ritteec hits your red very ugly thing!
You swap places.
The small abomination hits your spriggan air mage.
Your red ugly thing bites the small abomination.
The small abomination is engulfed in flames!!
The blizzard demon gestures at you.
The bolt of lightning misses the small abomination.
The bolt of lightning hits your red ugly thing!!
The bolt of lightning hits you! You resist.
Your spriggan air mage waves its arms in wide circles.
The air twists around and strikes the small abomination!
The small abomination is destroyed!
Fedhas accepts your kill. The hellwing hits your golden dragon!
The hellwing hits your golden dragon.
You swap places.
Your spriggan berserker hits the hellwing with a +1 antimagic war axe!
Your red very ugly thing barely misses the blizzard demon.
Your golden dragon misses the hellwing.
Your golden dragon claws the hellwing!
Your golden dragon closely misses the hellwing.
The blizzard demon hits your red very ugly thing but does no damage.
The blizzard demon hits your red very ugly thing.
The hellwing hits your golden dragon.
The hellwing barely misses your golden dragon.
A Hell Sentinel comes into view.
You yell at the Hell Sentinel!
Your spriggan rider hits the hellwing but does no damage.
Your spriggan berserker hits the hellwing with a +1 antimagic war axe!
Your red very ugly thing closely misses the hellwing.
Your red very ugly thing tentacle-slaps the hellwing but does no damage.
Your golden dragon bites the hellwing but does no damage.
Your golden dragon claws the hellwing but does no damage.
Your golden dragon tramples the hellwing.
The hellwing is shoved backwards!
The hellwing hits your golden dragon!
The hellwing hits your golden dragon but does no damage.
Your spriggan air mage waves its arms in wide circles.
The air twists around and strikes the hellwing.
Your spriggan berserker utters an invocation to Trog.
Your spriggan berserker goes berserk!
Your red very ugly thing basks in the mutagenic energy from its kin and changes! x2
The hellwing barely misses your golden dragon.
The hellwing hits your golden dragon but does no damage.
Your golden dragon breathes fire at the hellwing.
The bolt of fire hits the hellwing!!
The hellwing dies!
Fedhas accepts your kill.
Your spriggan berserker hits the Hell Sentinel with a +1 antimagic war axe!!
The Hell Sentinel's magic leaks into the air.
Your spriggan rider hits the blizzard demon from afar with a +2 spear of venom!
Your golden dragon bites the Hell Sentinel!!
Your golden dragon claws the Hell Sentinel.
Your golden dragon tramples the Hell Sentinel.
The Hell Sentinel holds its ground!
The Hell Sentinel hits your golden dragon.
The Hell Sentinel barely misses your golden dragon.
Something hits your red very ugly thing!!
The blizzard demon attacks as you move away!
The blizzard demon barely misses you. The blizzard demon closely misses you.
Something hits your green very ugly thing!!
Something hits your green very ugly thing!
The Ice Fiend calls on the powers of darkness!
Your red very ugly thing convulses! x2
Your body is wracked with pain!
* * * LOW HITPOINT WARNING * * *
Your red ugly thing convulses!
Your spriggan rider convulses!
Your red very ugly thing convulses!
Your green very ugly thing convulses!
Your golden dragon convulses!
Your spriggan berserker convulses!
Your spriggan air mage convulses!
Your spriggan rider hits the blizzard demon from afar with a +2 spear of venom!
Okay, then.
Reach: b) +18 lance "Wyrmbane" {slay drac, rPois rF+ rC+ AC+3}
Press: ? - help, Dir - move target, f - Ice Fiend
Aim: an Ice Fiend (about 12% to evade the +18 lance "Wyrmbane")
You reach to attack!
* * * LOW MAGIC WARNING * * *
You hit the Ice Fiend.
The Ice Fiend is lightly wounded.
Your red very ugly thing basks in the mutagenic energy from its kin and changes!
Your spriggan air mage waves its arms in wide circles.
The air twists around and strikes the Ice Fiend!!
Your purple very ugly thing closely misses Ritteec.
Your red very ugly thing headbutts Ritteec.
Your red very ugly thing basks in the mutagenic energy from its kin and changes!
Okay, then.
Unknown command.
Unknown command.
As you read the scroll of summoning, it crumbles to dust.
Wisps of shadow whirl around you...
Your spriggan berserker closely misses the blizzard demon.
The Ice Fiend calls on the powers of darkness!
Your deep troll shaman convulses!
Your cyan very ugly thing convulses!
Your red very ugly thing convulses!
Your green very ugly thing convulses!
Your body is wracked with pain!
* * * LOW HITPOINT WARNING * * *
Your deep troll shaman convulses!
Your deep troll earth mage convulses! x2
Your red ugly thing convulses!
Your deep troll shaman convulses!
Your green very ugly thing convulses!
Your iron troll convulses!
Your golden dragon convulses!
Your deep troll convulses!
Your deep troll shaman convulses!
Your deep troll convulses!
Your deep troll shaman convulses!
Your frost giant convulses!
Your spriggan berserker convulses!
Your spriggan rider convulses!
Your spriggan air mage convulses!
Your deep troll earth mage convulses!
Your iron troll convulses!
Your deep troll shaman convulses!
Your deep troll convulses! x2
Ritteec hits your cyan very ugly thing!!
Your cyan very ugly thing dies!
Your cyan very ugly thing's corpse dissolves into shadows!
The blizzard demon hits you.
* * * LOW HITPOINT WARNING * * *
The blizzard demon completely misses you.
Your spriggan rider hits the blizzard demon from afar with a +2 spear of venom!!
The blizzard demon looks as sick as possible!
Your red very ugly thing headbutts Ritteec.
You swap places.
Your spriggan berserker barely misses the blizzard demon.
Ritteec hits your deep troll shaman! You block the Ice Fiend's attack. x2
The blizzard demon waves its arms in wide circles.
The air twists around and strikes your spriggan rider!!
Your hornet dies!
Your hornet's corpse dissolves into shadows!
Your spriggan falls from its now dead mount.
Your spriggan berserker hits the blizzard demon with a +1 antimagic war axe.
The blizzard demon's magic leaks into the air.
Your red ugly thing bites the blizzard demon but does no damage.
Your red very ugly thing closely misses Ritteec.
Your green very ugly thing basks in the mutagenic energy from its kin and changes!
Your spriggan air mage waves its arms in wide circles.
The air twists around and strikes the Ice Fiend!
Your deep troll shaman calls upon its god to speed up your deep troll.
Your deep troll seems to speed up.
Your deep troll shaman calls upon its god to speed up your deep troll earth mage.
Your deep troll earth mage seems to speed up.
Your deep troll bites the blizzard demon!
Your deep troll claws the blizzard demon!
The blizzard demon dies!
Fedhas accepts your kill.
Your deep troll shaman calls upon its god to speed up your deep troll shaman.
Your deep troll shaman seems to speed up.
Your deep troll shaman bites the Ice Fiend!
Your deep troll shaman claws the Ice Fiend. x2
You swap places.
Your spriggan berserker rages.
Your deep troll earth mage completely misses the Ice Fiend.
Your deep troll earth mage claws the Ice Fiend but does no damage.
Your deep troll earth mage claws the Ice Fiend!
The Ice Fiend gestures at you. The bolt of cold hits your deep troll!!
Your deep troll dies!
Your deep troll's corpse dissolves into shadows!
The bolt of cold hits you but does no damage.
You resist.
Your red ugly thing bites the Ice Fiend!
The Ice Fiend is engulfed in flames!!
The Ice Fiend is burned terribly!
Your red very ugly thing basks in the mutagenic energy from its kin and changes!
Your deep troll shaman bites the Ice Fiend.
The Ice Fiend dies!
Fedhas accepts your kill.
Your spriggan hits the Hell Sentinel but does no damage.
Your deep troll shaman calls upon its god to speed up your deep troll earth mage.
Your deep troll earth mage seems to speed up.
Your spriggan berserker hits Ritteec with a +1 antimagic war axe.
Ritteec's magic leaks into the air.
Something hits your iron troll!
Something hits your iron troll but does no damage.
Ritteec hits your spriggan berserker!
Your green very ugly thing engulfs Ritteec but does no damage.
Your iron troll bites Ritteec.
Your iron troll claws Ritteec!
Your iron troll closely misses Ritteec.
Your deep troll shaman bites Ritteec but does no damage.
Your deep troll shaman completely misses Ritteec.
Your deep troll shaman claws Ritteec!
Your spriggan berserker hits Ritteec with a +1 antimagic war axe!!!
Ritteec's magic leaks into the air.
Ritteec falters for a moment.
Your deep troll earth mage gestures next to your iron troll while chanting.
Some rock shatters into small pieces.
Your green very ugly thing engulfs Ritteec.
Your spriggan berserker hits Ritteec with a +1 antimagic war axe!!
Ritteec's magic leaks into the air.
Your deep troll shaman calls upon its god to strengthen your deep troll earth mage.
Your deep troll earth mage seems to grow stronger.
Your deep troll shaman calls upon its god to speed up your deep troll shaman.
Your deep troll shaman seems to speed up.
There is a stone staircase leading up here.
Your deep troll earth mage casts a spell next to your red ugly thing.
Some rock shatters into small pieces.
Your deep troll shaman bites Ritteec!
Your deep troll shaman barely misses Ritteec.
Your deep troll shaman claws Ritteec but does no damage.
Your spriggan berserker hits Ritteec with a +1 antimagic war axe!!
Ritteec's magic leaks into the air.
Your red ugly thing bites Ritteec.
Ritteec is engulfed in flames!
Ritteec dies!
Fedhas accepts your kill.
Something hits your cyan very ugly thing but does no damage.
Something hits your cyan very ugly thing!!
Your spriggan berserker rages.
Your cyan very ugly thing bites the Hell Sentinel!
Your cyan very ugly thing shocks the Hell Sentinel.
The Hell Sentinel completely resists.
Your spriggan berserker rages.
Your deep troll earth mage points next to your iron troll and mumbles some strange words.
Some rock shatters into small pieces.
Your deep troll shaman calls upon its god to strengthen your deep troll.
Your deep troll seems to grow stronger.
Your green very ugly thing dissolves into shadows!
The Hell Sentinel gestures at you.
The sphere of damnation explodes!
The damnation engulfs your cyan very ugly thing!!
Your cyan very ugly thing dies!
Your cyan very ugly thing's corpse dissolves into shadows!
The damnation engulfs your red very ugly thing!!
The damnation engulfs the Hell Sentinel.
The Hell Sentinel completely resists.
The damnation engulfs your deep troll shaman!
The damnation engulfs your red ugly thing!
Your red ugly thing dies!
Your red ugly thing's corpse dissolves into shadows!
Your red very ugly thing barely misses the Hell Sentinel.
Your deep troll shaman calls upon its god to speed up your deep troll shaman.
Your deep troll shaman seems to speed up.
Your deep troll shaman calls upon its god to speed up your deep troll shaman.
Your deep troll shaman seems to speed up.
What are your orders? t - Yell!
Orders for allies: a - Attack new target. r - Retreat! s - Stop attacking. g - Guard the area. f - Follow me.
Anything else - Cancel.
Gang up on whom?
Press: ? - help, Dir - move target, f - Hell Sentinel
Aim: a Hell Sentinel (heavily wounded, ally target) Attack!
Your golden dragon dissolves into shadows!
Your deep troll shaman calls upon its god to speed up your deep troll.
Your deep troll seems to speed up.
Your spriggan berserker rages.
Your red very ugly thing kicks the Hell Sentinel.
The Hell Sentinel hits your deep troll shaman but does no damage.
The Hell Sentinel hits your deep troll shaman!!
A neqoxec comes into view.
The neqoxec shouts!
Your spriggan dissolves into shadows!
Your deep troll earth mage points next to the neqoxec and mumbles some strange words.
The wall shatters!
The blast of rock fragments hits the neqoxec!!
Your deep troll shaman calls upon its god to speed up your deep troll earth mage.
Your deep troll earth mage seems to speed up.
Your deep troll earth mage gestures next to the neqoxec while chanting.
The wall shatters!
Fedhas accepts your kill.
You feel a bit more experienced.
The blast of rock fragments hits the neqoxec!!
The neqoxec dies!
Fedhas accepts your kill.
The Hell Sentinel closely misses your spriggan berserker.
The Hell Sentinel hits your spriggan berserker.
Your deep troll shaman calls upon its god to speed up your iron troll.
Your iron troll seems to speed up.
Your deep troll shaman bites the Hell Sentinel but does no damage.
Your deep troll shaman claws the Hell Sentinel but does no damage. x2
Your deep troll shaman calls upon its god to strengthen your deep troll.
Your deep troll seems to grow stronger.
Your spriggan berserker hits the Hell Sentinel with a +1 antimagic war axe!!!
The Hell Sentinel's magic leaks into the air.
Your deep troll shaman says, "Don't worry.
I'm here with you."
Your deep troll shaman bites the Hell Sentinel but does no damage.
Your deep troll shaman claws the Hell Sentinel! x2
Your purple very ugly thing gores the Hell Sentinel!
The Hell Sentinel closely misses your deep troll shaman.
The Hell Sentinel hits your deep troll shaman.
Your deep troll shaman calls upon its god to strengthen your deep troll shaman.
Your deep troll shaman seems to grow stronger.
Your spriggan berserker hits the Hell Sentinel with a +1 antimagic war axe!
The Hell Sentinel dies!
Fedhas accepts your kill.
Your iron troll dissolves into shadows!
Ytuom comes into view.
Your spriggan berserker is no longer berserk.
Your spriggan air mage dissolves into shadows!
Your deep troll earth mage points next to Ytuom and mumbles some strange words.
The wall shatters!
The blast of rock fragments hits Ytuom but does no damage.
Your deep troll earth mage points next to Ytuom and mumbles some strange words.
The wall shatters!
The blast of rock fragments hits Ytuom!
Your deep troll shaman calls upon its god to strengthen your deep troll shaman.
Your deep troll shaman seems to grow stronger.
What are your orders? t - Yell!
Orders for allies: a - Attack new target. r - Retreat! s - Stop attacking. g - Guard the area. f - Follow me.
Anything else - Cancel.
Gang up on whom?
Press: ? - help, Dir - move target, f - Ytuom
Aim: Ytuom (lightly wounded, not watching you, ally target) Attack!
Your purple very ugly thing dissolves into shadows!
Your deep troll dissolves into shadows!
Your deep troll earth mage points next to Ytuom and mumbles some strange words.
The wall shatters!
The blast of rock fragments hits Ytuom!!
Your spriggan berserker invokes Trog's protection!
Ytuom gestures at you.
Your deep troll struggles to resist.
Your deep troll says, "sleeves, I like you."
Your deep troll earth mage bites Ytuom but does no damage.
Your deep troll earth mage claws Ytuom.
Your deep troll earth mage claws Ytuom but does no damage.
Your deep troll shaman bites Ytuom!
Your deep troll shaman claws Ytuom!
Your deep troll shaman claws Ytuom but does no damage.
Ytuom gestures at you.
The poison arrow hits your deep troll shaman!!!
Your deep troll shaman looks as sick as possible!
Your deep troll shaman dies!
Your deep troll shaman's corpse dissolves into shadows!
Your frost giant dissolves into shadows!
Your deep troll shaman dissolves into shadows!
Your deep troll earth mage bites Ytuom but does no damage.
Your deep troll earth mage claws Ytuom but does no damage. x2
Your deep troll earth mage gestures next to Ytuom while chanting.
The wall shatters!
The blast of rock fragments hits Ytuom but does no damage.
Your deep troll shaman calls upon its god to strengthen your deep troll earth mage.
Your deep troll earth mage seems to grow stronger.
Your deep troll shaman calls upon its god to speed up your iron troll.
Your iron troll seems to speed up.
Ytuom misses your deep troll earth mage.
Your deep troll earth mage barely misses Ytuom.
Your deep troll earth mage claws Ytuom but does no damage.
Your deep troll earth mage barely misses Ytuom.
What are your orders? t - Yell!
Orders for allies: a - Attack new target. p - Attack previous target. r - Retreat! s - Stop attacking. g - Guard the area. f - Follow me.
Anything else - Cancel.
Gang up on whom?
Press: ? - help, Dir - move target, f/p - Ytuom
Aim: Ytuom (moderately wounded, ally target) Attack!
Your deep troll earth mage bites Ytuom but does no damage.
Your deep troll earth mage claws Ytuom.
Your deep troll earth mage claws Ytuom!
Ytuom hits your deep troll earth mage.
Your deep troll bites Ytuom!!
Your deep troll claws Ytuom.
Your deep troll barely misses Ytuom.
Your deep troll shaman bites Ytuom but does no damage.
Your deep troll shaman barely misses Ytuom.
Your deep troll shaman claws Ytuom!
Your deep troll earth mage dissolves into shadows! x2
Your deep troll shaman bites Ytuom but does no damage.
Your deep troll shaman claws Ytuom!
Your deep troll shaman claws Ytuom!!
Your red very ugly thing kicks Ytuom!
Ytuom hits your deep troll shaman!!
Your deep troll shaman dies!
Your deep troll shaman's corpse dissolves into shadows!
Your deep troll shaman calls upon its god to strengthen your deep troll.
Your deep troll seems to grow stronger.
Your spriggan berserker dissolves into shadows!
Your red very ugly thing kicks Ytuom!
Ytuom dies!
Fedhas accepts your kill.
You start resting.
Your deep troll dissolves into shadows!
Your red very ugly thing dissolves into shadows!
Your iron troll dissolves into shadows!
Your deep troll shaman dissolves into shadows!
Your deep troll earth mage dissolves into shadows!
Your deep troll shaman dissolves into shadows!
Your deep troll dissolves into shadows!
You start resting.
Magic restored.
You start resting.
You yell at Oluyff!
An Oluyff and a chaos spawn come into view.
You yell at the chaos spawn!
The chaos spawn hisses angrily.
You climb upwards.
Level annotation: exclusion: 2 Tzitzimimeh
There is a stone staircase leading down here.
You feel much better.
You feel much better.
You feel much better.
You feel much better.
You feel much better.
A chaos spawn comes into view.
Unknown command.
A chaos spawn is nearby!
You reach to attack!
* * * LOW MAGIC WARNING * * *
You stick the chaos spawn like a pincushion!!!
You kill the chaos spawn!
Fedhas accepts your kill.
The chaos spawn degenerates into a cloud of primal chaos!
HP restored.
A cacodemon and an orange demon come into view.
The orange demon screeches!
Reach: b) +18 lance "Wyrmbane" {slay drac, rPois rF+ rC+ AC+3}
Press: ? - help, Dir - move target, f - cacodemon
Aim: a cacodemon (about 18% to evade the +18 lance "Wyrmbane")
You reach to attack!
* * * LOW MAGIC WARNING * * *
You perforate the cacodemon like a sieve!!!
The cacodemon is severely wounded.
You hear a roar! x2
Reach: b) +18 lance "Wyrmbane" {slay drac, rPois rF+ rC+ AC+3}
Press: ? - help, Dir - move target, f/p - cacodemon
Aim: a cacodemon (severely wounded, about 18% to evade the +18 lance "Wyrmbane")
You reach to attack!
You impale the cacodemon!!
The cacodemon is almost dead.
The orange demon completely misses you.
Reach: b) +18 lance "Wyrmbane" {slay drac, rPois rF+ rC+ AC+3}
Press: ? - help, Dir - move target, f/p - cacodemon
Aim: a cacodemon (almost dead, about 18% to evade the +18 lance "Wyrmbane")
* * * LOW MAGIC WARNING * * *
You hit the cacodemon.
The cacodemon is almost dead.
You closely miss the cacodemon.
The cacodemon is almost dead.
The cacodemon hits you but does no damage.
The cacodemon completely misses you.
The orange demon stings you but does no damage.
You puncture the cacodemon!
You kill the cacodemon!
Fedhas accepts your kill. You block the orange demon's attack.
The orange demon closely misses you.
You barely miss the orange demon. You block the orange demon's attack. x2
* * * LOW MAGIC WARNING * * *
You impale the orange demon!!
The orange demon is heavily wounded.
* * * LOW MAGIC WARNING * * *
You impale the orange demon!!
The orange demon is almost dead.
The orange demon stings you! You block the orange demon's attack.
You impale the orange demon!!
You kill the orange demon!
Fedhas accepts your kill.
A smoke demon comes into view.
The smoke demon roars!
You block the smoke demon's attack. x2
The smoke demon hits you but does no damage.
You block the smoke demon's attack. x2; The smoke demon closely misses you.
The Tzitzimitl calls on the powers of darkness!
Your body is wracked with pain!
* * * LOW HITPOINT WARNING * * *
The smoke demon attacks as you move away!
You block the smoke demon's attack. x2; The smoke demon barely misses you.
The smoke demon gestures at you.
Your +0 kite shield of reflection {Donald} reflects the sticky flame!
The sticky flame hits the smoke demon.
The smoke demon resists. 4 golden eyes come into view.
You yell at the golden eye!
The golden eye turns its gaze towards you. x4
The smoke demon gestures at you.
Your +0 kite shield of reflection {Donald} reflects the sticky flame!
The sticky flame hits the smoke demon.
The smoke demon resists.
The golden eye blinks at you. You resist with almost no effort.
The golden eye blinks at you. You resist with almost no effort.
There is a stone staircase leading up here.
The golden eye blinks at you. You resist with almost no effort.
The golden eye blinks at you. You resist with almost no effort.
You climb upwards.
There is a stone staircase leading down, spattered with blood here.
* * * LOW MAGIC WARNING * * *
You stick the golden eye like a pincushion!!!
You kill the golden eye!
Fedhas accepts your kill.
You sense a monster nearby.
There is an escape hatch in the ceiling here.
You start resting.
You sense a monster nearby.
You start resting.
A hellion comes into view.
A mysterious force pulls you upwards. The hatch slams shut behind you.
You sense a monster nearby.
There is a staircase back to the Dungeon here.
You start resting.
You sense a monster nearby.
You start resting.
You sense a monster nearby.
You start resting.
You sense a monster nearby.
You start resting.
HP restored.
You climb upwards.
Welcome back to the Dungeon!
Beware, you cannot shaft yourself on this level.
There is a staircase to the Depths here.
There is an open door, spattered with blood here.
You hear a grinding noise.
You hear a grinding noise.
You hear a grinding noise.
A tormentor comes into view.
The tormentor moves out of view.
You start waiting.
You sense a monster nearby.
You start waiting.
A tormentor is nearby!
You reach to attack!
* * * LOW MAGIC WARNING * * *
You stick the tormentor like a pincushion!!!!
You kill the tormentor!
Fedhas accepts your kill.
Your Fighting skill increases to level 18!
You hear a grinding noise.
There is a stone staircase leading up here.
You climb upwards.
There is a stone staircase leading down here.
There is an escape hatch in the ceiling here.
A mysterious force pulls you upwards. The hatch slams shut behind you.
You see here 7 stones.
You sense a monster nearby.
You can't go up here!
A sun demon comes into view.
The sun demon shouts!
There is a stone staircase leading up here.
You climb upwards.
There is a stone staircase leading down here.
A Detreh and a Tzitzimitl come into view.
As you read the scroll of summoning, it crumbles to dust.
Wisps of shadow whirl around you...
The Tzitzimitl roars!
You swap places.
Your boulder beetle misses the Tzitzimitl.
The Tzitzimitl gestures at you.
The bolt of negative energy hits your boulder beetle!!
Your boulder beetle is drained!
The bolt of negative energy hits you!!
You feel drained.
Your boulder beetle barely misses the Tzitzimitl.
Your howler monkey hits the Tzitzimitl but does no damage.
The Tzitzimitl calls on the powers of darkness!
Your howler monkey convulses!
Your boulder beetle convulses!
Your body is wracked with pain!
* * * LOW HITPOINT WARNING * * *
Your boulder beetle leaps!
Your howler monkey hits the Tzitzimitl but does no damage.
Detreh hits your howler monkey!!!
Your howler monkey dies!
Your howler monkey's corpse dissolves into shadows!
You enter the shallow water.
Moving in this stuff is going to be slow.
There is a stone staircase leading up here.
Detreh gestures at you. The bolt of cold hits you. You resist.
* * * LOW HITPOINT WARNING * * *
You climb upwards.
There is a stone staircase leading down here.
You feel much better.
You feel much better.
You feel much better.
Aiming: Dig
Press: ? - help, Shift-Dir - straight line A rock wall.
This square is covered in magical glow.
The rock shatters into small pieces.
A green death comes into view.
The green death roars!
The green death gestures at you. The bolt of poison misses you.
You reach to attack!
* * * LOW MAGIC WARNING * * *
You skewer the green death like a kebab!!!
The green death is almost dead.
You reach to attack!
You impale the green death!!
You kill the green death!
Fedhas accepts your kill.
No target in view!
There is a stone staircase leading up here.
You climb upwards.
There is a stone staircase leading down here.
There is an open door here.
You sense a monster nearby.
You can't go up here!
A Brimstone Fiend comes into view.
The Brimstone Fiend roars!
There is an open door here.
The Brimstone Fiend gestures at you.
The sphere of damnation explodes!
The damnation engulfs you!!!
There is a stone staircase leading up here.
You climb upwards.
There is a stone staircase leading down here.
A soul eater comes into view.
* * * LOW MAGIC WARNING * * *
You spit the soul eater like a pig!!!
The soul eater is severely wounded.
* * * LOW MAGIC WARNING * * *
You puncture the soul eater!
The soul eater is almost dead.
You impale the soul eater!!
You kill the soul eater!
Fedhas accepts your kill.
An Ice Fiend comes into view.
There is a stone staircase leading up, spattered with blood here.
You climb upwards.
There is a stone staircase leading down, spattered with blood here.
Aiming: Dig
Press: ? - help, Shift-Dir - straight line A rock wall.
This square is covered in magical glow.
The rock shatters into small pieces.
There is a stone staircase leading up here.
You climb upwards.
Level annotation: 2 transporters, Iusername's ghost, novice MiFi
There is a stone staircase leading down here.
You can't go up here!
You see here a +0 club.
You open the door.
A red devil comes into view. It is wielding a +0 trident.
There is an open door here.
The red devil barely misses you.
You reach to attack!
* * * LOW MAGIC WARNING * * *
You impale the red devil!!
The red devil is almost dead.
You reach to attack!
You puncture the red devil!
You kill the red devil!
Fedhas accepts your kill.
You see here a +0 trident.
A hellion comes into view.
There is an open door here.
You can't go up here!
The hellion gestures at you.
The sphere of damnation explodes!
The damnation engulfs you! The hellion gestures at you.
The sphere of damnation explodes!
The damnation engulfs you!!
You see here a +0 sling.
The hellion gestures at you.
The sphere of damnation explodes!
The damnation engulfs you!!
There is a stone staircase leading up here.
You climb upwards.
There is a stone staircase leading down here.
You feel much better.
You feel much better.
That's the wrong kind of item! (Use * to select it.) Evoke which item? (* to show all) (? for menu, Esc to quit)
Okay, then.
Aiming: Dig
Press: ? - help, Shift-Dir - straight line A rock wall.
This square is covered in magical glow.
The rock shatters into small pieces.
Aiming: Dig
Press: ? - help, Shift-Dir - straight line, f - you Please select a direction to dig.
This square is covered in magical glow.
The rock shatters into small pieces.
Unknown command.
A chaos spawn comes into view.
The chaos spawn roars deafeningly!
Aiming: Dig
Press: ? - help, Shift-Dir - straight line A rock wall.
This square is covered in magical glow.
The rock shatters into small pieces.
An Orb Guardian comes into view.
There is a stone staircase leading up here.
You block the Orb Guardian's attack.
You climb upwards.
There is a stone staircase leading down here.
* * * LOW MAGIC WARNING * * *
You spit the Orb Guardian like a pig!!!!
You kill the Orb Guardian!
Fedhas accepts your kill.
There's nothing to close nearby.
Unknown command.
Unknown command.
A daeva comes into view.
It is wielding a +5 eudemon blade of holy wrath.
The daeva calls down the wrath of the Shining One upon you.
The Shining One smites you!
The daeva calls down the wrath of the Shining One upon you.
The Shining One smites you!
The daeva calls down the wrath of the Shining One upon you.
The Shining One smites you!
The daeva calls down the wrath of the Shining One upon you.
The Shining One smites you!
There is a stone staircase leading up here.
You climb upwards.
There is a stone staircase leading down here.
You feel much better.
Unknown command.
Unknown command.
Aiming: Dig
Press: ? - help, Shift-Dir - straight line A rock wall.
This square is covered in magical glow.
The rock shatters into small pieces.
There is a stone staircase leading up here.
You climb upwards.
There is a stone staircase leading down here.
There is a stone staircase leading down here.
Aiming: Dig
Press: ? - help, Shift-Dir - straight line A rock wall.
This square is covered in magical glow.
The rock shatters into small pieces.
Aiming: Dig
Press: ? - help, Shift-Dir - straight line You can't see that place.
The rock shatters into small pieces.
An orange demon comes into view.
You yell at the orange demon!
You reach to attack!
You closely miss the orange demon.
You reach to attack!
* * * LOW MAGIC WARNING * * *
You perforate the orange demon like a sieve!!!
You kill the orange demon!
Fedhas accepts your kill.
Aiming: Dig
Press: ? - help, Shift-Dir - straight line A rock wall.
This square is covered in magical glow.
The rock shatters into small pieces.
A tormentor comes into view.
Reach: b) +18 lance "Wyrmbane" {slay drac, rPois rF+ rC+ AC+3}
Press: ? - help, Dir - move target, f - tormentor
Aim: a tormentor (about 21% to evade the +18 lance "Wyrmbane")
You reach to attack!
* * * LOW MAGIC WARNING * * *
You impale the tormentor!!
The tormentor is almost dead.
Reach: b) +18 lance "Wyrmbane" {slay drac, rPois rF+ rC+ AC+3}
Press: ? - help, Dir - move target, f/p - tormentor
Aim: a tormentor (almost dead, about 21% to evade the +18 lance "Wyrmbane")
* * * LOW MAGIC WARNING * * *
You impale the tormentor!!
You kill the tormentor!
Fedhas accepts your kill.
Things that are here:
a +0 club; a +0 robe
There is a stone staircase leading up here.
You climb upwards.
There is a stone staircase leading down here.
A blizzard demon comes into view.
The blizzard demon shouts!
You reach to attack!
* * * LOW MAGIC WARNING * * *
You puncture the blizzard demon!
The blizzard demon is lightly wounded.
You reach to attack!
* * * LOW MAGIC WARNING * * *
You hit the blizzard demon but do no damage.
The blizzard demon is lightly wounded.
You hit the blizzard demon but do no damage.
The blizzard demon is lightly wounded.
You impale the blizzard demon!!
The blizzard demon is heavily wounded.
You block the blizzard demon's attack. The blizzard demon closely misses you.
* * * LOW MAGIC WARNING * * *
You impale the blizzard demon!!
The blizzard demon is almost dead.
You completely miss the blizzard demon.
The blizzard demon is almost dead.
The blizzard demon gestures at you. The freezing blast misses you.
You hit the blizzard demon.
The blizzard demon is almost dead.
You are engulfed in freezing vapours.
You resist.
* * * LOW MAGIC WARNING * * *
You hit the blizzard demon but do no damage.
The blizzard demon is almost dead.
You are engulfed in freezing vapours.
You resist.
The blizzard demon is engulfed in freezing vapours.
You block the blizzard demon's attack. The blizzard demon hits you.
You hit the blizzard demon.
You kill the blizzard demon!
Fedhas accepts your kill.
You are engulfed in freezing vapours.
You resist.
You are engulfed in freezing vapours.
You resist.
There is a stone staircase leading up here.
HP restored.
You climb upwards.
There is a stone staircase leading down here.
Aiming: Dig
Press: ? - help, Shift-Dir - straight line, f - you Please select a direction to dig.
This square is covered in magical glow.
The rock shatters into small pieces.
Unknown command.
An Orb Guardian comes into view.
There is a staircase leading out of the dungeon here.
You have escaped!

P~~~......##.#.#.#
~~~.##+###.#.#.#.#
..'###.# ##..#.#.#
.......# ##.#.#X#
.......# #...#.#
.......# #.#.#.#
.......# #.#...#
.......# #.#.#.#
.......# #...'@#
.......# #######
########


You could see an Orb Guardian.

Vanquished Creatures
  2 dread liches (Zot:5)
  5 orbs of fire
  Mara (Spider:3)
  Boris (twice) (Depths:2 Depths:3)
  Margery (Depths:2)
  4 Killer Klowns
  Bai Suzhen (Vaults:1)
  Saint Roka (Vaults:2)
  5 curse toes
  the Enchantress (Depths:1)
  4 golden dragons
  2 profane servitors
  2 electric golems
  5 bone dragons
  Arachne (Spider:3)
  Mlioglotl (Spider:3)
  11 tentacled monstrosities
  5 liches
  21 Orb Guardians
  2 deep elf blademasters (Elf:3)
  A deep elf master archer (Elf:2)
  3 quicksilver dragons
  7 death cobs
  A shadow dragon (shapeshifter) (D:15)
  A kraken (Abyss:3)
  An Executioner (Abyss:3)
  A sphinx (Vaults:1)
  11 tentacled starspawn
  Donald (Vaults:1)
  Agnes (Elf:1)
  5 tengu reavers
  17 storm dragons
  Kirke (D:13)
  6 draconian monks
  2 shadow dragons
  7 deep elf sorcerers (Elf:3)
  7 draconian knights
  7 frost giants
  10 fire giants
  2 cacodemons
  6 draconian scorchers
  7 vault wardens
  3 emperor scorpions
  4 spectral caustic shrikes (Depths:3)
  8 ghost moths
  5 draconian shifters
  2 draconian stormcallers (Zot:3)
  Aizul (Spider:2)
  5 deep elf elementalists (Elf:3)
  A balrug (Abyss:3)
  A juggernaut zombie (Abyss:3)
  4 spriggan defenders
  2 angels
  7 draconian annihilators
  6 orc warlords
  An ophan (Abyss:3)
  16 ironbound preservers
  17 ironbound thunderhulks
  2 war gargoyles (WizLab)
  26 very ugly things
  10 stone giants
  Nessos (D:14)
  17 black draconians
  An eleionoma (Swamp:4)
  13 green draconians
  6 deep elf demonologists
  Azrael (D:14)
  12 dire elephants
  14 white draconians
  8 deep elf annihilators (Elf:3)
  2 vampire knights (Depths:3)
  A minotaur (Gauntlet)
  5 bunyips
  17 yellow draconians
  12 red draconians
  8 spark wasps
  16 purple draconians
  A green death (D:11)
  A blizzard demon (D:2)
  5 deep elf death magi
  Josephine (D:11)
  2 crystal guardians (WizLab)
  10 ettins
  5 entropy weavers
  11 great orbs of eyes
  10 yaktaur captains
  6 fire dragons
  3 deep elf high priests
  The ghost of Valamore the Cleaver, a journeyman MeFi of Zin (D:8)
  2 ogre magi
  A quicksilver dragon skeleton (Vaults:3)
  A vault guard (Vaults:3)
  23 hydras
  3 rakshasas
  4 jorogumos (Spider:4)
  2 ghost crabs
  2 catoblepae (Lair:5)
  5 ice dragons
  7 peacekeepers (WizLab)
  Erica (Lair:1)
  4 ironbound frosthearts
  4 spriggan air magi
  8 centaur warriors
  15 boulder beetles
  13 two-headed ogres
  20 dancing weapons
  11 deep troll shamans
  A vampire mage (Depths:4)
  A naga warrior (Abyss:3)
  10 alligators
  3 spriggan berserkers
  5 thrashing horrors
  6 deep troll earth magi
  2 sun demons (Abyss:3)
  6 tengu warriors
  A hell hog (Abyss:3)
  7 orc high priests
  Sonja (Lair:1)
  18 deep elf knights
  4 soul eaters
  47 starcursed masses
  26 hell knights
  11 iron trolls
  A shadow wraith (Abyss:3)
  9 wretched stars (Abyss:3)
  5 sixfirhies
  3 pharaoh ants
  A fire crab (Abyss:3)
  7 goliath frogs
  A sea snake (shapeshifter) (Depths:3)
  6 skeletal warriors
  3 sun moths
  2 flayed ghosts (Abyss:3)
  5 steelbarb worms
  A spriggan druid (Swamp:4)
  13 orb spiders
  19 lindwurms
  6 glowing orange brains
  69 deep trolls
  12 deep elf archers
  3 bog bodies
  10 swamp dragons
  13 wizards
  2 phantasmal warriors (Depths:3)
  An orange crystal statue (IceCv)
  24 large abominations
  12 ironbound convokers
  20 deep elf pyromancers
  12 necromancers
  13 orc knights
  4 spectral wolf spiders (Spider:1)
  4 will-o-the-wisps
  14 deep elf zephyrmancers
  8 orc sorcerers
  A human zombie (Vaults:3)
  Pikel (D:6)
  A tengu skeleton (Vaults:3)
  35 wolf spiders
  2 sphinx skeletons (Vaults:3)
  51 ugly things
  4 cyclopes
  4 manticores
  3 stone giant zombies
  24 moths of wrath
  A frost giant skeleton (Vaults:3)
  A worldbinder (Abyss:3)
  2 salamanders (WizLab)
  A rust devil (D:8)
  A water nymph (shapeshifter) (Depths:3)
  An ice statue (D:15)
  13 vault sentinels
  2 black mambas (Lair:5)
  11 apocalypse crabs
  5 torpor snails
  20 elephants
  6 smoke demons
  A centaur skeleton (Abyss:3)
  5 molten gargoyles
  9 storm dragon simulacra (IceCv)
  A torpor snail (shapeshifter) (Vaults:4)
  A black mamba (shapeshifter) (D:14)
  6 gargoyles
  8 orange demons
  A yaktaur zombie (Vaults:1)
  27 yaktaurs
  6 demonic crawlers
  14 cane toads
  5 unseen horrors
  Psyche (D:9)
  A kobold demonologist (D:6)
  3 tormentors
  17 komodo dragons
  6 tengu conjurers
  A freezing wraith (Abyss:3)
  2 red devils
  5 rime drakes
  9 ancient zymes (Abyss:3)
  An efreet (Abyss:3)
  A hellwing (Depths:2)
  5 yaktaur skeletons
  4 golden dragon simulacra
  6 human skeletons (Vaults:3)
  2 bloated husks
  A meliai (shapeshifter) (D:11)
  Grinder (D:3)
  7 meliai
  5 tyrant leeches
  7 hornets
  6 trolls
  3 wolf spider simulacra (Spider:1)
  A polar bear (Lair:2)
  25 raiju
  37 slime creatures
  26 tarantellas
  13 blink frogs
  4 dream sheep (Lair:3)
  A deep troll zombie (Vaults:1)
  A frost giant simulacrum (Vaults:1)
  2 ettin zombies
  26 jumping spiders
  20 culicivoras
  An air elemental (Elf:2)
  8 wyverns
  7 ynoxinuls
  5 vampires
  59 yaks
  10 spriggans
  A shadow (D:13)
  9 wraiths
  An unseen horror simulacrum (D:9)
  5 hogs (D:13)
  5 water elementals
  2 humans (shapeshifter)
  3 fire bats
  4 chaos spawn
  7 neqoxecs
  A golden eye (Depths:2)
  6 fire elementals
  A redback (shapeshifter) (Depths:1)
  17 vampire mosquitoes
  An elf simulacrum (Vaults:3)
  3 steam dragons
  10 basilisks
  An elf skeleton (Vaults:3)
  33 redbacks
  12 wargs
  13 swamp worms
  3 acid dragons
  5 water moccasins
  2 glowing shapeshifter skeletons (Vaults:3)
  11 hell hounds
  2 ogre skeletons (Vaults:3)
  3 black bears
  2 sky beasts
  10 swamp drakes
  8 ice beasts
  A meliai simulacrum (D:15)
  35 orc warriors
  7 boggarts
  4 ice dragon simulacra (IceCv)
  11 centaurs
  7 ogres
  8 wolves
  2 lemures (D:6)
  A kobold brigand (D:10)
  A phantom (D:5)
  A necrophage (D:7)
  An ogre simulacrum (Vaults:4)
  10 bullfrogs
  7 earth elementals
  2 gnoll sergeants
  3 scorpions
  8 wights
  17 small abominations
  11 killer bees
  5 lindwurm simulacra (IceCv)
  2 howler monkeys (D:12)
  16 electric eels
  7 lava snakes (Lair:5)
  2 jellies (D:6)
  28 orc priests
  3 hounds
  An iron imp (Depths:4)
  5 iguanas
  Terence (D:3)
  Jessica (D:3)
  2 gnoll boudas
  32 orc wizards
  Natasha (thrice) (D:3)
  2 lightning spires (WizLab)
  A centaur simulacrum (D:9)
  2 human simulacra (D:9)
  A mummy (Ossuary)
  13 gnolls
  7 adders
  A howler monkey simulacrum (D:9)
  7 white imps
  4 ufetubi
  2 worms
  2 dart slugs (D:4)
  111 orcs
  6 spectral bats (Ossuary)
  11 endoplasms
  3 giant cockroaches
  8 goblins
  8 hobgoblins
  6 jackals (D:1)
  7 kobolds
  A quokka (D:1)
  A training dummy (Elf:2)
  5 ball pythons
  6 bats
  2 bat simulacra (Ossuary)
  2 frilled lizards
  12 gnoll zombies (Ossuary)
  2 goblin simulacra (Ossuary)
  2 goblin zombies (Ossuary)
  4 hobgoblin zombies (Ossuary)
  3 kobold simulacra (Ossuary)
  6 kobold zombies (Ossuary)
  6 orc zombies (Ossuary)
  4 rats
  A rat simulacrum (Ossuary)
  A spectral goblin (Ossuary)
  2 spectral kobolds (Ossuary)
  5 spectral rats (Ossuary)
  A lurking horror (Abyss:3)
  7 starspawn tentacles (Abyss:3)
  A tentacle (Abyss:3)
2387 creatures vanquished.

Vanquished Creatures (collateral kills)
  A Hell Sentinel (Depths:4)
  An Ice Fiend (Depths:4)
  A deep elf blademaster (Elf:3)
  A deep elf master archer (Elf:3)
  2 pandemonium lords (Depths:4)
  A deep elf sorcerer (Elf:3)
  2 vault wardens (Vaults:1)
  A deep elf elementalist (Elf:3)
  An orc warlord (Orc:2)
  A deep elf demonologist (Elf:3)
  A bunyip (Swamp:3)
  A deep elf annihilator (Elf:3)
  A dire elephant (Vaults:1)
  A blizzard demon (Depths:4)
  A deep elf death mage (Elf:3)
  An orc high priest (Orc:2)
  An orb spider (Spider:3)
  An ironbound convoker (Vaults:1)
  2 lindwurms (Vaults:1)
  A wizard (Vaults:1)
  An ugly thing (Vaults:1)
  3 vault sentinels (Vaults:1)
  A torpor snail (Spider:3)
  A hellwing (Depths:4)
  A tyrant leech (Swamp:3)
  2 slime creatures (Vaults:1)
  A neqoxec (Depths:4)
  2 small abominations (Depths:4)
  3 orc warriors
  7 orc priests
  3 orc wizards (Orc:2)
  11 orcs
  6 ballistomycete spores (Elf:3)
65 creatures vanquished.

Vanquished Creatures (others)
  2 thorn hunters (Swamp:4)
  An eleionoma (Swamp:3)
  2 shambling mangroves
  A hydra (Swamp:4)
  A thrashing horror (Abyss:3)
  2 deep elf knights
  A swamp dragon (Swamp:3)
  A lindwurm (Swamp:4)
  A wizard (Vaults:4)
  A wolf spider (Spider:1)
  2 large abominations (Abyss:3)
  A smoke demon (Abyss:3)
  A gargoyle (WizLab)
  2 bloated husks (Swamp:3)
  5 hornets
  4 blink frogs (Abyss:3)
  A spriggan (Swamp:1)
  A swamp worm (Swamp:3)
  A swamp drake (Swamp:4)
  A ballistomycete spore (Gauntlet)
  2 bushes
  4 demonic plants (D:9)
  20 foxfires
  48 fungi
  93 plants
  19 starspawn tentacles
  3 tentacles (Abyss:3)
221 creatures vanquished.

Grand Total: 2673 creatures vanquished

Notes
Turn   | Place    | Note
-------+----------+-------------------------------------------
     0 | D:1      | sleeves the Formicid Hexslinger began the quest for the
                  | Orb.
     0 | D:1      | Reached XP level 1. HP: 15/15 MP: 2/2
   394 | D:1      | Reached skill level 2 in Fighting
   394 | D:1      | Reached XP level 2. HP: 22/22 MP: 1/3
   812 | D:1      | Found a faded altar of an unknown god.
   905 | D:1      | Reached skill level 3 in Fighting
   905 | D:1      | Reached XP level 3. HP: 25/29 MP: 2/4
  1645 | D:2      | HP: 12/29 [kobold/+0 whip (4)]
  1648 | D:2      | HP: 4/29 [kobold/+0 whip (5)]
  1695 | D:2      | HP: 12/29 [kobold/+0 whip (3)]
  2435 | D:3      | Found a blossoming altar of Fedhas.
  2536 | D:3      | Noticed Grinder
  2588 | D:3      | Noticed Jessica
  2642 | D:3      | Killed Jessica
  2643 | D:3      | Reached skill level 4 in Fighting
  2643 | D:3      | Reached XP level 4. HP: 33/38 MP: 2/5
  2691 | D:3      | Noticed Natasha
  3165 | D:2      | Reached skill level 1 in Polearms
  3165 | D:2      | Reached XP level 5. HP: 28/43 MP: 3/6
  3248 | D:2      | HP: 20/43 [orc/+0 club (2)]
  3762 | D:3      | Reached skill level 5 in Fighting
  3916 | D:3      | HP: 22/44 [Grinder (4)]
  3926 | D:3      | HP: 7/44 [Grinder/nerve-wracking pain (12)]
  4228 | D:3      | Killed Grinder
  4229 | D:3      | Reached skill level 3 in Polearms
  4229 | D:3      | Reached skill level 3 in Armour
  4229 | D:3      | Reached XP level 6. HP: 42/51 MP: 4/7
  4229 | D:3      | Reached XP level 7. HP: 46/56 MP: 4/8
  4270 | D:3      | Killed Natasha
  4323 | D:3      | Found Saxaw's Distillery.
  4518 | D:3      | Noticed Natasha
  4767 | D:3      | Found an opulent altar of Gozag.
  4798 | D:3      | Noticed Terence
  4812 | D:3      | Killed Terence
  4906 | D:3      | Found a glowing silver altar of Zin.
  5097 | D:3      | Killed Natasha
  5098 | D:3      | Reached skill level 4 in Polearms
  5143 | D:3      | Noticed Natasha
  5155 | D:3      | Killed Natasha
  5156 | D:3      | Reached skill level 4 in Armour
  5302 | D:4      | Found a hide-covered altar of Uskayaw.
  5549 | D:4      | HP: 27/55 [wight/+5 mace (2)]
  5553 | D:4      | HP: 12/55 [poisoned by a wight (curare-tipped dart)]
  5558 | D:4      | HP: 7/55 [poisoned by a wight (curare-tipped dart)]
  5979 | D:4      | HP: 27/56 [orc wizard/puff of flame (10)]
  5986 | D:4      | HP: 28/56 [orc wizard/puff of flame (1)]
  5993 | D:4      | HP: 10/56 [orc wizard/magic dart (9)]
  6191 | D:4      | Reached skill level 5 in Polearms
  6191 | D:4      | Reached skill level 5 in Armour
  6191 | D:4      | Reached XP level 8. HP: 57/62 MP: 9/9
  6279 | D:4      | Identified the +9 trident of Rialuerruso {flame, Stlth+}
  6356 | D:4      | Found Giuth's Magic Scroll Emporium.
  6683 | D:5      | Entered Level 5 of the Dungeon
  6726 | D:5      | Identified the +1 ring mail of Fashionability {rPois}
  6731 | D:5      | Found a white marble altar of Elyvilon.
  6954 | D:5      | Found a staircase to the Ecumenical Temple.
  6962 | D:5      | Reached skill level 6 in Armour
  6965 | Temple   | Entered the Ecumenical Temple
  7206 | D:5      | Found Haampoin's General Store.
  7237 | D:5      | Found a sand-covered staircase.
  7241 | D:5      | Reached skill level 6 in Polearms
  7242 | Ossuary  | Entered an ossuary
  7765 | D:3      | Became a worshipper of Fedhas Madash
  8080 | D:5      | Reached skill level 1 in Invocations
  8611 | D:6      | Reached skill level 2 in Invocations
  8611 | D:6      | Reached XP level 9. HP: 68/68 MP: 10/10
  8626 | D:6      | Noticed an unseen horror
  8647 | D:6      | Reached skill level 7 in Armour
  8647 | D:6      | Reached skill level 3 in Invocations
  8668 | D:6      | Reached skill level 7 in Polearms
  8687 | D:6      | Killed an unseen horror
  8688 | D:6      | Reached skill level 4 in Invocations
  8689 | D:6      | Noticed a kobold demonologist
  8704 | D:6      | Killed a kobold demonologist
  8818 | D:6      | Noticed Pikel
  8825 | D:6      | Killed Pikel
  8826 | D:6      | Reached skill level 8 in Armour
  8826 | D:6      | Reached skill level 5 in Invocations
  8890 | D:6      | Identified the +0 cloak of the Planets {Drain Str+2 Stlth+}
  8952 | D:6      | Reached * piety under Fedhas
  8953 | D:6      | Reached XP level 10. HP: 59/74 MP: 14/14
  8953 | D:6      | CougarLife: plant god eh
  8953 | D:6      | sleeves: hello
  8953 | D:6      | sleeves: yes i need a fedhas win
  9046 | D:6      | Reached skill level 8 in Polearms
  9075 | D:6      | Reached skill level 6 in Invocations
  9094 | D:6      | Found a sacrificial altar of Ru.
  9103 | D:6      | Found an iron altar of Okawaru.
  9117 | D:6      | Found a bloodstained altar of Trog.
  9117 | D:6      | Found a broken altar of Ashenzari.
  9128 | D:6      | Found a stormy altar of Qazlal.
  9380 | D:7      | Found a transporter.
  9384 | D:7      | Found a transporter.
  9385 | D:7      | Noticed Iusername's ghost (novice MiFi)
  9481 | D:7      | Found Hexzol's One-of-a-Kind Rings.
  9486 | D:7      | sleeves: !games CougarLife
  9486 | D:7      | beem: Current games for CougarLife: CougarLife: L17
                  | MfSu^Hep
  9486 | D:7      | sleeves: are u still alive
  9486 | D:7      | sleeves: yes
  9612 | D:7      | Noticed an orc sorcerer
  9614 | D:7      | Noticed a rust devil
  9618 | D:7      | Killed an orc sorcerer
  9619 | D:7      | Reached skill level 9 in Armour
  9619 | D:7      | Reached skill level 7 in Invocations
  9813 | D:7      | Reached ** piety under Fedhas
  9993 | D:7      | Reached skill level 9 in Polearms
 10537 | D:8      | Found a staircase to the Lair.
 10548 | D:8      | Reached skill level 8 in Invocations
 10611 | D:8      | Reached skill level 10 in Armour
 10663 | D:8      | Reached XP level 11. HP: 76/79 MP: 17/17
 10812 | D:8      | sleeves: I had an interesting Ds game before this
 10812 | D:8      | sleeves: !lg
 10812 | D:8      | beem: 7287. sleeves the Demonspawn of Death (L27 DsFi of
                  | Makhleb), escaped with the Orb and 5 runes on 2022-10-04
                  | 23:03:09, with 3189270 points after 71331 turns and
                  | 3:19:59.
 10812 | D:8      | sleeves: monstrous with no shield
 10812 | D:8      | sleeves: wanted to test out the offhand punch
 10812 | D:8      | sleeves: it actually does a lot
 10812 | D:8      | sleeves: i just went statue+necro
 10913 | D:8      | Noticed an elephant
 10961 | D:8      | Killed an elephant
 11016 | D:8      | Found a snail-covered altar of Cheibriados.
 11142 | D:8      | Reached skill level 9 in Invocations
 11425 | D:8      | Reached skill level 10 in Polearms
 11426 | D:8      | HP: 37/79 [orc/+0 whip (5)]
 11753 | D:9      | Reached *** piety under Fedhas
 11785 | D:9      | HP: 36/79 [orange demon (5)]
 11785 | D:9      | Gained mutation: You are clumsy. (Dex -2) [a neqoxec]
 11791 | D:9      | HP: 32/79 [orange demon (3)]
 11793 | D:9      | You fall into a shaft and drop 3 floors!
 11836 | D:12     | sleeves: this says random
 11836 | D:12     | sleeves: but everytime ive used it
 11836 | D:12     | sleeves: its been 3
 12087 | D:11     | Noticed a manticore
 12093 | D:11     | HP: 37/79 [manticore (15)]
 12094 | D:11     | Killed a manticore
 12095 | D:11     | Reached skill level 10 in Invocations
 12262 | D:11     | Noticed a boulder beetle
 12300 | D:11     | Killed a boulder beetle
 12411 | D:11     | Noticed a two-headed ogre
 12428 | D:11     | Killed a two-headed ogre
 12557 | D:10     | Entered Level 10 of the Dungeon
 12576 | D:10     | Reached skill level 11 in Polearms
 12698 | D:10     | Found Amephus's Distillery.
 13005 | D:10     | Found a glowing golden altar of the Shining One.
 13021 | D:9      | Reached skill level 11 in Invocations
 13186 | D:9      | Noticed a two-headed ogre
 13311 | D:9      | Killed a two-headed ogre
 13312 | D:9      | Reached XP level 12. HP: 78/86 MP: 20/20
 13383 | D:9      | CougarLife: yeah im still alive
 13424 | D:9      | CougarLife: 5 runes
 13464 | D:9      | Reached **** piety under Fedhas
 13465 | D:9      | CougarLife: when you say offhand
 13585 | D:9      | CougarLife: do you mean the unholy touch or w/e
 13593 | D:9      | sleeves: yeah
 13603 | D:9      | Noticed Psyche
 13604 | D:9      | CougarLife: yeah it has decent damage
 13604 | D:9      | CougarLife: but no shield
 13617 | D:9      | Killed Psyche
 13618 | D:9      | CougarLife: why do you have a halo
 13618 | D:9      | sleeves: this thing
 13618 | D:9      | CougarLife: ah
 13618 | D:9      | sleeves: its quite good
 13692 | D:9      | Found a runed translucent gate.
 13692 | D:9      | Found a runed translucent gate.
 13692 | D:9      | Found a runed translucent gate.
 13749 | D:9      | Noticed Valamore's ghost (journeyman MeFi)
 13946 | D:10     | Found a staircase to the Orcish Mines.
 13953 | D:10     | Reached skill level 12 in Invocations
 13962 | D:10     | sleeves: also got lucky and found this trident
 14007 | D:10     | Reached skill level 12 in Polearms
 14680 | D:10     | sleeves: are you gonna play
 14680 | D:10     | CougarLife: uhhh
 14680 | D:10     | CougarLife: overwatch 2
 14680 | D:10     | CougarLife: came out today
 14680 | D:10     | sleeves: lol
 14680 | D:10     | CougarLife: might play later
 14680 | D:10     | sleeves: i played the beta and thought same game
 14738 | D:9      | CougarLife: it is
 14738 | D:9      | CougarLife: but im bored and trying to avoid burnout in
                  | crawl
 14739 | D:9      | CougarLife: also crawl hurts my wrist
 14765 | Lair:1   | Entered Level 1 of the Lair of Beasts
 14766 | Lair:1   | Noticed Sonja
 14773 | Lair:1   | Killed Sonja
 15017 | Lair:1   | Noticed Erica
 15050 | Lair:1   | Reached skill level 13 in Invocations
 15059 | Lair:1   | Killed Erica
 15322 | Lair:1   | Reached skill level 13 in Polearms
 15637 | D:8      | HP: 38/86 [Valamore's ghost (16)]
 15643 | D:8      | HP: 26/86 [Valamore's ghost (18)]
 15648 | D:8      | Killed Valamore's ghost
 15649 | D:8      | Reached skill level 2 in Dodging
 15852 | D:9      | Reached ***** piety under Fedhas
 15858 | D:9      | Reached XP level 13. HP: 91/91 MP: 23/23
 16311 | Lair:2   | Noticed a four-headed hydra
 16333 | Lair:2   | Reached skill level 14 in Invocations
 16363 | Lair:2   | Reached skill level 3 in Dodging
 16392 | Lair:2   | Killed a four-headed hydra
 16393 | Lair:2   | Reached skill level 6 in Fighting
 16557 | Lair:2   | Found a gate leading to a gauntlet.
 16567 | Gauntlet | Entered a Gauntlet
 16567 | Gauntlet | Found a transporter.
 16567 | Gauntlet | Found a transporter.
 16567 | Gauntlet | Found a large runed translucent door.
 16567 | Gauntlet | Found a large runed translucent door.
 16567 | Gauntlet | Found a large runed translucent door.
 16567 | Gauntlet | Found a large runed translucent door.
 16567 | Gauntlet | Found a large runed translucent door.
 16567 | Gauntlet | Found a large runed translucent door.
 16567 | Gauntlet | Found a runed translucent door.
 16567 | Gauntlet | Found a runed translucent door.
 16567 | Gauntlet | Found a large runed translucent door.
 16567 | Gauntlet | Found a large runed translucent door.
 16567 | Gauntlet | Found a large runed translucent door.
 16567 | Gauntlet | Found a large runed translucent door.
 16567 | Gauntlet | Found a large runed translucent door.
 16567 | Gauntlet | Found a large runed translucent door.
 16571 | Gauntlet | Found a transporter.
 16571 | Gauntlet | Found a transporter.
 16578 | Gauntlet | Found a transporter.
 16586 | Gauntlet | Noticed a dire elephant
 16595 | Gauntlet | Found a transporter.
 16599 | Gauntlet | Found a transporter.
 16601 | Gauntlet | Found a transporter.
 16601 | Gauntlet | Found a transporter.
 16605 | Gauntlet | Found a transporter.
 16640 | Gauntlet | Found a large runed translucent door.
 16641 | Gauntlet | Found a large runed translucent door.
 16643 | Gauntlet | Found a runed translucent gate.
 16644 | Gauntlet | Found a runed translucent gate.
 16645 | Gauntlet | Found a runed translucent gate.
 16645 | Gauntlet | Found a transporter.
 16653 | Gauntlet | Found a large runed translucent door.
 16654 | Gauntlet | Found a large runed translucent door.
 16680 | Gauntlet | Found a transporter.
 16682 | Gauntlet | Noticed a dire elephant
 16696 | Gauntlet | Found a transporter.
 16708 | Gauntlet | Found a transporter.
 16795 | Gauntlet | Found a transporter.
 16809 | Gauntlet | Found a transporter.
 17097 | Gauntlet | HP: 47/94 [hell hound/blast of flame (7)]
 17102 | Gauntlet | HP: 45/94 [fire crab] (3)]
 17105 | Gauntlet | HP: 22/94 [hell hound/blast of flame (2)]
 17107 | Gauntlet | Identified the ring "Otil" {Fire Dex+3}
 17110 | Gauntlet | HP: 22/94 [fire crab] (2)]
 17359 | Gauntlet | Noticed a minotaur
 17373 | Gauntlet | HP: 41/94 [minotaur/bolt (13)]
 17377 | Gauntlet | HP: 16/94 [minotaur/+2 dagger of freezing (10)]
 17388 | Gauntlet | Killed a minotaur
 17411 | Gauntlet | Got the Discourse on Charms
 17414 | Gauntlet | Identified the +2 pair of boots of the Dungeon {Rampage
                  | rElec rCorr Int-5}
 17415 | Gauntlet | Got the Directory of Kinetic Transfiguration
 17637 | Lair:2   | Reached skill level 4 in Dodging
 17982 | Lair:2   | Found a hole to the Spider Nest.
 18107 | Lair:3   | Reached skill level 7 in Fighting
 18126 | Lair:3   | Found a staircase to the Swamp.
 18456 | Lair:3   | Reached skill level 14 in Polearms
 18563 | Lair:3   | Reached skill level 5 in Dodging
 18804 | Lair:3   | Reached skill level 15 in Invocations
 18833 | Lair:3   | Reached skill level 8 in Fighting
 18848 | Lair:3   | Reached XP level 14. HP: 98/105 MP: 25/25
 19091 | Lair:3   | Reached skill level 6 in Dodging
 20067 | Lair:4   | Reached skill level 9 in Fighting
 20128 | Lair:4   | Found a viscous altar of Jiyva.
 20129 | Lair:4   | Found a staircase to the Slime Pits.
 20654 | Lair:5   | Entered Level 5 of the Lair of Beasts
 20819 | Lair:5   | Reached skill level 7 in Dodging
 20821 | Lair:5   | Reached skill level 16 in Invocations
 21085 | Lair:5   | Reached ****** piety under Fedhas
 21145 | Lair:5   | Reached skill level 10 in Fighting
 21427 | Lair:5   | Reached skill level 8 in Dodging
 21729 | Lair:5   | Found a large runed translucent door.
 21731 | Lair:5   | Found a large runed translucent door.
 21760 | Lair:5   | Reached skill level 11 in Fighting
 21771 | Lair:5   | Reached XP level 15. HP: 118/118 MP: 27/27
 22378 | Lair:5   | Reached skill level 9 in Dodging
 22869 | Orc:1    | Entered Level 1 of the Orcish Mines
 22869 | Orc:1    | Noticed an orc warlord
 22883 | Orc:1    | Killed an orc warlord
 22898 | Orc:1    | Found Reunulyten's Specific Store.
 23069 | Orc:1    | Found Hefehaci's General Store.
 23133 | Orc:1    | Gained mutation: Armour fits poorly on your strangely
                  | shaped body. [a neqoxec]
 23291 | D:10     | Reached skill level 12 in Fighting
 23291 | D:10     | Lost mutation: Armour fits poorly on your strangely shaped
                  | body. [potion of mutation]
 23291 | D:10     | Lost mutation: You are clumsy. (Dex -2) [potion of
                  | mutation]
 23291 | D:10     | Gained mutation: Your system is resistant to poisons.
                  | (rPois) [potion of mutation]
 24111 | Orc:2    | Entered Level 2 of the Orcish Mines
 24143 | Orc:1    | HP: 58/118 [orc warrior/+0 glaive (9)]
 24405 | Orc:2    | Reached skill level 1 in Throwing
 24406 | Orc:2    | HP: 51/120 [orc priest/divine providence (16)]
 24851 | Orc:2    | Reached skill level 2 in Throwing
 25029 | Orc:1    | HP: 50/120 [orc knight/+3 glaive (17)]
 25485 | Orc:2    | Reached skill level 3 in Throwing
 25499 | Orc:2    | Reached skill level 10 in Dodging
 25601 | Orc:2    | HP: 58/120 [orc priest/divine providence (13)]
 25609 | Orc:2    | HP: 50/120 [orc priest/divine providence (11)]
 25871 | Orc:2    | Noticed an orc warlord
 25889 | Orc:2    | Killed an orc warlord
 25925 | Orc:2    | Reached skill level 4 in Throwing
 25925 | Orc:2    | Reached skill level 11 in Armour
 26269 | Orc:2    | Found Irum's General Store.
 26269 | Orc:2    | Found Ahic's Weapon Boutique.
 26270 | Orc:2    | Found Owny's Book Boutique.
 26275 | Orc:2    | Found Unlojifo's Antique Armour Shop.
 26469 | Orc:2    | Found a staircase to the Elven Halls.
 26857 | D:11     | Reached skill level 5 in Throwing
 26922 | D:11     | Identified the +7 scimitar "Bumaybb" {speed, rN+}
 26986 | D:11     | Noticed Josephine
 26998 | D:11     | Killed Josephine
 27367 | D:12     | Reached XP level 16. HP: 124/127 MP: 28/28
 27695 | D:12     | Got Menieta's Directory of the Atmosphere
 27719 | D:12     | Reached skill level 6 in Throwing
 27719 | D:12     | Reached skill level 12 in Armour
 27968 | D:12     | Found an ancient bone altar of Kikubaaqudgha.
 28388 | D:12     | Reached skill level 7 in Throwing
 28431 | D:12     | Got Unesith's Tractate on Enthralling Direction
 28665 | D:13     | Noticed Kirke
 28691 | D:13     | Killed Kirke
 28962 | D:13     | Reached skill level 13 in Armour
 29156 | D:13     | Reached skill level 1 in Shields
 29159 | D:13     | Reached skill level 8 in Throwing
 29266 | D:13     | Reached skill level 2 in Shields
 29334 | D:13     | Identified a scroll of acquirement
 29335 | D:13     | Acquired a manual of Dodging
 29590 | D:14     | Reached skill level 3 in Shields
 29872 | D:14     | Noticed Nessos
 29880 | D:14     | Killed Nessos
 30066 | D:14     | Reached skill level 4 in Shields
 30145 | D:14     | Noticed Azrael
 30163 | D:14     | Killed Azrael
 30626 | D:14     | Found a gate to the Vaults.
 30805 | D:15     | Entered Level 15 of the Dungeon
 30914 | D:15     | Reached skill level 5 in Shields
 31058 | D:15     | Reached skill level 9 in Throwing
 31058 | D:15     | Reached skill level 11 in Dodging
 31063 | D:15     | Reached XP level 17. HP: 132/133 MP: 29/29
 31211 | D:15     | Found a frozen archway.
 31228 | IceCv    | Entered an ice cave
 31899 | IceCv    | Reached skill level 6 in Shields
 32520 | IceCv    | Identified the ring of Dowaomapn {Ice rElec Str-3 Int+6
                  | Stlth+}
 32530 | IceCv    | Identified the ring "Sonajil" {rPois rC+ Will- Int+8}
 32941 | D:15     | CougarLife: spooky
 32949 | D:15     | CougarLife: but i guess you do have 30 ac
 33509 | D:15     | CougarLife: lmao
 33531 | D:15     | CougarLife: it really dd not want to split
 33628 | D:15     | Reached skill level 7 in Shields
 33737 | D:15     | an iron troll changed into an acid blob
 33737 | D:15     | Noticed an acid blob (glowing shapeshifter)
 33741 | D:15     | an acid blob changed into a shadow dragon
 33741 | D:15     | Noticed a shadow dragon (glowing shapeshifter)
 33749 | D:15     | Killed a shadow dragon
 33750 | D:15     | Reached skill level 12 in Dodging
 33807 | D:15     | Found a staircase to the Depths.
 34203 | Spider:1 | Entered Level 1 of the Spider Nest
 34478 | Spider:1 | Identified the ring of Fixtos {rC+ Int+2}
 34668 | Spider:1 | You fall into a shaft and drop 1 floor!
 34703 | Spider:2 | Reached skill level 10 in Throwing
 35069 | Spider:1 | Reached skill level 15 in Polearms
 35198 | Spider:1 | Reached skill level 8 in Shields
 35402 | Spider:2 | sleeves: yeah
 36120 | Spider:2 | Noticed Aizul
 36137 | Spider:2 | Killed Aizul
 36151 | Spider:2 | Reached skill level 13 in Dodging
 36332 | Spider:2 | Reached skill level 9 in Shields
 36423 | Spider:2 | Reached XP level 18. HP: 136/137 MP: 30/30
 36449 | Spider:2 | HP: 67/139 [meliai/divine providence (15)]
 36457 | Spider:2 | HP: 58/139 [wolf spider (12)]
 37144 | Spider:3 | Noticed Roxanne
 37322 | Spider:3 | Noticed Arachne
 37339 | Spider:3 | Killed Arachne
 37642 | Spider:2 | HP: 69/140 [emperor scorpion (6)]
 37647 | Spider:2 | HP: 52/140 [poisoned by an emperor scorpion]
 37652 | Spider:2 | HP: 43/140 [poisoned by an emperor scorpion]
 37657 | Spider:2 | HP: 39/140 [poisoned by an emperor scorpion]
 37902 | Spider:2 | Reached skill level 11 in Throwing
 38066 | Spider:3 | Noticed Mara
 38156 | Spider:3 | Noticed Mlioglotl
 38181 | Spider:3 | Killed Mlioglotl
 38182 | Spider:3 | Reached skill level 10 in Shields
 38588 | Spider:3 | Noticed sleeves's illusion
 38623 | Spider:3 | Killed Mara
 39026 | Spider:4 | Entered Level 4 of the Spider Nest
 39085 | Spider:4 | Reached skill level 14 in Dodging
 39915 | Spider:4 | Reached skill level 11 in Shields
 39939 | Spider:4 | Reached skill level 16 in Polearms
 40553 | Spider:4 | HP: 65/133 [ghost moth (2)]
 40558 | Spider:4 | Reached skill level 12 in Throwing
 40762 | Spider:4 | HP: 52/138 [spark wasp (20)]
 40998 | Spider:4 | Reached XP level 19. HP: 144/145 MP: 31/31
 41159 | Spider:4 | Got a gossamer rune of Zot
 41338 | Spider:4 | Reached skill level 15 in Dodging
 41913 | Spider:4 | Reached skill level 12 in Shields
 41915 | Spider:4 | HP: 68/146 [sun moth (8)]
 42286 | Swamp:1  | Entered Level 1 of the Swamp
 43129 | Swamp:2  | Learned a level 4 spell: Passage of Golubria
 44060 | Swamp:3  | Reached skill level 13 in Shields
 44142 | Swamp:3  | Identified the +4 scale mail of Meoq {Rampage Drain rC+++}
 44197 | Swamp:3  | sleeves: wonder why they nerfed fed
 45019 | Swamp:4  | Entered Level 4 of the Swamp
 45219 | Swamp:4  | Reached skill level 13 in Throwing
 45439 | Swamp:4  | Reached skill level 17 in Polearms
 45856 | Swamp:4  | Got a decaying rune of Zot
 46150 | Swamp:4  | Reached skill level 14 in Shields
 46528 | Swamp:4  | Reached XP level 20. HP: 142/153 MP: 32/32
 47099 | Vaults:1 | Entered Level 1 of the Vaults
 47346 | Vaults:1 | HP: 72/151 [vault warden/+0 bardiche (18)]
 47384 | Vaults:1 | HP: 59/153 [dire elephant (20)]
 47397 | Vaults:1 | Reached skill level 14 in Throwing
 47690 | D:14     | Reached skill level 15 in Shields
 47966 | Vaults:1 | Found Foqucit's Magic Scroll Boutique.
 48068 | Vaults:1 | HP: 60/153 [vault warden/+2 great mace of venom (45)]
 48075 | Vaults:1 | HP: 36/153 [ironbound convoker/+0 morningstar (15)]
 48076 | Vaults:1 | You fall into a shaft and drop 1 floor!
 48483 | Vaults:1 | Reached skill level 18 in Polearms
 48532 | Vaults:1 | Noticed Donald
 48555 | Vaults:1 | Killed Donald
 48775 | Vaults:1 | HP: 74/153 [vault warden/+2 great mace of venom (55)]
 48790 | Vaults:1 | HP: 69/153 [yaktaur/bolt[a vault warden] (9)]
 48795 | Vaults:1 | HP: 56/153 [poisoned by a vault warden]
 49252 | Elf:1    | Entered Level 1 of the Elven Halls
 49699 | Elf:1    | HP: 62/133 [ghostly deep elf death mage/bolt of negative
                  | energy (39)]
 49982 | Elf:1    | Noticed Agnes
 49993 | Elf:1    | Killed Agnes
 50168 | Elf:1    | Reached skill level 19 in Polearms
 50191 | Elf:1    | Noticed an Ice Fiend
 50233 | Elf:1    | Found a runed translucent gate.
 50233 | Elf:1    | Found a runed translucent gate.
 50233 | Elf:1    | Found a runed translucent gate.
 50233 | Elf:1    | Found a runed translucent gate.
 50233 | Elf:1    | Found a runed translucent gate.
 50235 | Elf:1    | Found a runed translucent gate.
 50372 | Elf:2    | Found Mulapsup's Distillery.
 50461 | Elf:2    | Bought a potion of heal wounds for 85 gold pieces
 50461 | Elf:2    | Bought a potion of might for 68 gold pieces
 50659 | Elf:2    | Reached XP level 21. HP: 159/159 MP: 33/33
 50671 | Elf:2    | Found a runed translucent gate.
 50677 | Elf:2    | Found a runed translucent gate.
 50677 | Elf:2    | Found a runed translucent gate.
 51267 | Elf:2    | Reached skill level 20 in Polearms
 51991 | Elf:3    | Entered Level 3 of the Elven Halls
 52177 | Elf:3    | Found Udoon's Antique Weapon Emporium.
 52182 | Elf:3    | Bought a masterwork glaive for 356 gold pieces
 52182 | Elf:3    | Identified the +8 glaive of the Building Gods {elec, rElec
                  | Stlth+} (You bought it in a shop on level 3 of the Elven
                  | Halls)
 52479 | Elf:3    | Found Hudwigob's Assorted Antiques.
 52482 | Elf:3    | Found Bukiul's Antique Armour Emporium.
 52482 | Elf:3    | Found Etio's Armour Shoppe.
 52487 | Elf:3    | Bought a twitching lapis lazuli ring for 140 gold pieces
 52487 | Elf:3    | Identified the ring of Patience {rElec rF+} (You bought it
                  | in a shop on level 3 of the Elven Halls)
 52488 | Elf:3    | Found Essoman's Assorted Antiques.
 52491 | Elf:3    | Bought a faintly humming plate armour for 1092 gold pieces
 52491 | Elf:3    | Identified the +6 plate armour "Jaegry" {rF+} (You bought
                  | it in a shop on level 3 of the Elven Halls)
 52505 | Elf:3    | Bought a scroll of fear for 144 gold pieces
 52508 | Elf:3    | Bought the +1 cloak of Starlight {*Dazzle EV+4 Stlth--} for
                  | 396 gold pieces
 52508 | Elf:3    | Found the +1 cloak of Starlight {*Dazzle EV+4 Stlth--}
 53013 | Elf:3    | Reached skill level 21 in Polearms
 53328 | Elf:3    | Identified the +9 dagger "Xiurgh" {flame, *Slow Will+++
                  | SInv Stlth+}
 53558 | Elf:3    | Identified the ring of Xom's Entertainment {Str+6 SInv
                  | Stlth+}
 54598 | Vaults:2 | Reached skill level 22 in Polearms
 54770 | Vaults:2 | Reached XP level 22. HP: 165/165 MP: 34/34
 54840 | Vaults:2 | Noticed Bai Suzhen
 54915 | Vaults:1 | Killed Bai Suzhen
 55192 | Vaults:2 | HP: 60/165 [orc warlord/+0 bardiche (48)]
 55195 | Vaults:2 | HP: 24/165 [orc knight/+1 glaive (13)]
 55197 | Vaults:2 | HP: 2/165 [orc warlord/+0 bardiche (22)]
 55888 | Vaults:2 | Reached skill level 23 in Polearms
 56071 | Vaults:2 | Found Wurapt's Weapon Emporium.
 56118 | Vaults:2 | Noticed Saint Roka
 56172 | Vaults:2 | Killed Saint Roka
 57469 | Vaults:3 | Reached skill level 24 in Polearms
 58006 | Vaults:3 | Reached XP level 23. HP: 173/173 MP: 35/35
 58193 | Vaults:3 | HP: 76/173 [ironbound convoker/+0 great mace (14)]
 58451 | Vaults:3 | You fall into a shaft and drop 1 floor!
 58605 | Vaults:4 | HP: 83/174 [deep troll[an ironbound preserver] (12)]
 58611 | Vaults:4 | HP: 69/174 [deep troll[an ironbound preserver] (1)]
 58640 | Vaults:4 | HP: 85/174 [deep troll[an ironbound preserver] (5)]
 58695 | Vaults:4 | Reached skill level 16 in Shields
 58717 | Vaults:4 | Reached skill level 13 in Fighting
 58729 | Vaults:4 | Found a flickering gateway to a bazaar.
 58748 | Bazaar   | Entered a bazaar
 58750 | Bazaar   | Found Fiutsy Omes's Distillery.
 58754 | Bazaar   | Bought a potion of heal wounds for 90 gold pieces
 58754 | Bazaar   | Found Icrual's Magic Scroll Boutique.
 58754 | Bazaar   | Found Kituriff's Armour Boutique.
 58755 | Bazaar   | Found Zunguse's Distillery.
 58785 | Bazaar   | Bought the +9 plate armour of the Ladybird {rC- Regen+
                  | Str+6 Dex+2} for 932 gold pieces
 58785 | Bazaar   | Bought the +3 Mad Mage's Maulers {Infuse+∞ RegenMP Int-3}
                  | for 440 gold pieces
 58785 | Bazaar   | Found the +3 Mad Mage's Maulers {Infuse+∞ RegenMP Int-3}
 58795 | Bazaar   | Bought a potion of mutation for 56 gold pieces
 58795 | Bazaar   | Bought a potion of heal wounds for 35 gold pieces
 58795 | Bazaar   | Bought a potion of heal wounds for 35 gold pieces
 58795 | Bazaar   | Bought a potion of resistance for 70 gold pieces
 58795 | Bazaar   | Bought a potion of heal wounds for 35 gold pieces
 58800 | Bazaar   | Bought a scroll of enchant weapon for 52 gold pieces
 58800 | Bazaar   | Bought a scroll of enchant weapon for 52 gold pieces
 58800 | Bazaar   | Bought a scroll of enchant armour for 52 gold pieces
 58800 | Bazaar   | Bought a scroll of fear for 28 gold pieces
 58866 | Vaults:4 | Reached skill level 14 in Armour
 59514 | Vaults:4 | Reached skill level 16 in Dodging
 61099 | Vaults:3 | Found a staircase to the Crypt.
 61495 | Depths:1 | Entered Level 1 of the Depths
 61782 | Depths:1 | Reached skill level 17 in Shields
 62052 | Depths:1 | Reached skill level 14 in Fighting
 62244 | Depths:1 | Reached XP level 24. HP: 185/185 MP: 0/35
 62300 | Depths:1 | Found an opulent altar of Gozag.
 62301 | Depths:1 | Found a gateway to Hell.
 62533 | Depths:1 | Reached skill level 15 in Armour
 62634 | Depths:1 | Found Wyuni's Tremendous Tomes.
 62757 | Depths:2 | Noticed the Enchantress
 62770 | Depths:1 | Killed the Enchantress
 63381 | Depths:2 | HP: 88/185 [stone giant (16)]
 63724 | Depths:2 | Found a one-way gate leading to the halls of Pandemonium.
 63819 | Depths:2 | Found a one-way gate to the infinite horrors of the Abyss.
 64290 | Depths:2 | Reached skill level 18 in Shields
 64531 | Depths:2 | Found Hapni's Magic Scroll Emporium.
 64536 | Depths:2 | Bought a scroll of enchant armour for 90 gold pieces
 64536 | Depths:2 | Bought a scroll of fear for 48 gold pieces
 64667 | Depths:2 | Found a one-way gateway to a ziggurat.
 64948 | Depths:3 | Noticed Boris
 64970 | Depths:2 | Killed Boris
 65185 | Depths:2 | Reached skill level 15 in Fighting
 65329 | Depths:2 | Reached skill level 17 in Dodging
 65397 | Depths:3 | Noticed Margery
 65398 | Depths:3 | Reached skill level 16 in Armour
 65553 | Depths:2 | Killed Margery
 65644 | Depths:3 | Identified the +2 chain mail "Biworu" {Int+2 Dex+8}
 65816 | Depths:3 | Reached XP level 25. HP: 155/188 MP: 0/35
 66124 | Depths:3 | Reached skill level 19 in Shields
 66288 | Depths:3 | HP: 51/190 [??? (49)]
 66293 | Depths:3 | HP: 17/190 [??? (14)]
 66632 | Depths:4 | Entered Level 4 of the Depths
 66652 | Depths:4 | HP: 91/194 [deep troll shaman (13)]
 66753 | Depths:4 | Noticed Boris
 66754 | Depths:4 | Found Famiopu's Jewellery Shop.
 66769 | Depths:4 | HP: 95/194 [Boris/iron shot (32)]
 66847 | Depths:4 | HP: 90/194 [frost giant/bolt of cold (29)]
 66852 | Depths:3 | Killed Boris
 66933 | Depths:4 | HP: 97/194 [fire giant/fireball (49)]
 66937 | Depths:3 | HP: 48/194 [fire giant/+2 great sword of flaming (15)]
 67178 | Depths:4 | Found Neucynwo's Armour Shop.
 67193 | Depths:4 | Found a magical portal.
 67221 | WizLab   | Entered Maxwell's Workshop
 67593 | WizLab   | Reached skill level 17 in Armour
 68038 | WizLab   | Identified the ring of the Commoners {Ice rPois Str+4 Int-5
                  | Dex+2}
 68040 | WizLab   | Identified the ring "Mecad" {Fire Dex+2}
 68562 | WizLab   | Identified the +4 robe "Feomoe Gips" {rF- Int+9}
 68771 | Depths:4 | Reached skill level 20 in Shields
 69011 | Depths:4 | Reached skill level 18 in Dodging
 69146 | Depths:4 | Found a runed translucent gate.
 69147 | Depths:4 | Found a runed translucent gate.
 69148 | Depths:4 | Found a runed translucent gate.
 69149 | Depths:4 | Noticed Oleutuy's ghost (veteran SpVM)
 69672 | Depths:4 | sleeves: ??wyrmbane
 69672 | Depths:4 | beem: wyrmbane[1/3]: (polearms; +4 acc / 8 dam / 1.1 base
                  | delay / 0.5 min delay) A scale-covered lance +8 Wyrmbane
                  | {slay drac, rPois rF+ rC+ AC+3}. Gains +1 enchantment every
                  | time it lands the finishing blow against a {slay drac}
                  | affected monster (up to the lower of +18 or the dragon's
                  | HD).
 69672 | Depths:4 | sleeves: ??wyrmbane[2]
 69672 | Depths:4 | beem: wyrmbane[2/3]: List of dragons and draconians by HD:
                  | http://git.io/AjgWEQ
 69672 | Depths:4 | sleeves: ??wyrmbane[3]
 69672 | Depths:4 | beem: wyrmbane[3/3]: Dragon zombies and skeletons have the
                  | same HD as the normal ones, making Crypts a potentially
                  | non-intuitive, but lucrative place, to gain enchantments.
 69892 | Depths:4 | Found a gate to the Realm of Zot.
 70495 | Depths:4 | Voluntarily entered the Abyss.
 70765 | Abyss:3  | Found a corrupted altar of Lugonu.
 70805 | Abyss:3  | Reached skill level 18 in Armour
 70832 | Abyss:3  | Reached XP level 26. HP: 179/193 MP: 0/35
 71121 | Abyss:3  | HP: 100/201 [poisoned by a balrug]
 71132 | Abyss:3  | HP: 61/201 [flayed ghost/flay_damage (19)]
 71137 | Abyss:3  | HP: 38/201 [flayed ghost/flay_damage (11)]
 71380 | Abyss:3  | Reached skill level 15 in Throwing
 71963 | Abyss:3  | HP: 96/201 [large abomination (20)]
 71986 | Abyss:3  | HP: 97/201 [tentacled starspawn (9)]
 71991 | Abyss:3  | HP: 73/201 [tentacled starspawn (18)]
 71996 | Abyss:3  | HP: 58/201 [small abomination (8)]
 71999 | Depths:4 | Escaped the Abyss
 72006 | Depths:4 | HP: 61/201 [will-o-the-wisp (1)]
 72274 | Depths:4 | Voluntarily entered the Abyss.
 72367 | Abyss:3  | Reached skill level 19 in Dodging
 72427 | Abyss:3  | Reached skill level 19 in Armour
 72441 | Abyss:3  | Got an abyssal rune of Zot
 72647 | Abyss:3  | Found a broken altar of Ashenzari.
 72760 | Abyss:3  | HP: 94/201 [flayed ghost/flay_damage (30)]
 72766 | Abyss:3  | HP: 72/201 [bone dragon (15)]
 72930 | Depths:4 | Escaped the Abyss
 73121 | Depths:2 | Bought a scroll of summoning for 114 gold pieces
 73121 | Depths:2 | Bought a scroll of magic mapping for 90 gold pieces
 73370 | Orc:2    | Bought a scroll of enchant armour for 90 gold pieces
 73573 | D:4      | Bought a scroll of enchant armour for 97 gold pieces
 73573 | D:4      | Bought a scroll of summoning for 123 gold pieces
 73573 | D:4      | Bought a scroll of summoning for 123 gold pieces
 73982 | Zot:1    | Entered Level 1 of the Realm of Zot
 74095 | Zot:1    | Reached skill level 16 in Throwing
 74386 | Zot:1    | Found the +4 Cigotuvi's embrace {rMiasma Drain rN+}
 74703 | Zot:1    | Reached XP level 27. HP: 135/207 MP: 0/35
 75722 | Zot:1    | You fall into a shaft and drop 1 floor!
 76069 | Zot:2    | Reached skill level 20 in Armour
 76344 | Zot:2    | Noticed a Killer Klown
 76371 | Zot:2    | Killed a Killer Klown
 77376 | Zot:2    | Reached skill level 17 in Throwing
 77917 | Zot:3    | Reached skill level 20 in Dodging
 78775 | Zot:3    | Noticed an orb of fire
 78775 | Zot:3    | Gained mutation: You are dopey. (Int -2) [an orb of fire]
 78775 | Zot:3    | Gained mutation: You occasionally lose the ability to drink
                  | potions when taking damage. [an orb of fire]
 78779 | Zot:3    | Gained mutation: Your magical capacity is low. (-10% MP)
                  | [an orb of fire]
 78785 | Zot:3    | Killed an orb of fire
 79551 | Zot:3    | HP: 54/207 [??? (52)]
 79843 | Zot:3    | HP: 54/207 [??? (52)]
 80128 | Zot:2    | Lost mutation: You occasionally lose the ability to drink
                  | potions when taking damage. [potion of mutation]
 80128 | Zot:2    | Lost mutation: Your system is resistant to poisons. (rPois)
                  | [potion of mutation]
 80128 | Zot:2    | Lost mutation: Your magical capacity is low. (-10% MP)
                  | [potion of mutation]
 80128 | Zot:2    | Gained mutation: You occasionally lose the ability to read
                  | scrolls when taking damage. [potion of mutation]
 80128 | Zot:2    | Gained mutation: You are vulnerable to cold. (rC-) [potion
                  | of mutation]
 80128 | Zot:2    | Gained mutation: You are clumsy. (Dex -2) [potion of
                  | mutation]
 80129 | Zot:2    | Lost mutation: You are vulnerable to cold. (rC-) [potion of
                  | mutation]
 80129 | Zot:2    | Lost mutation: You are clumsy. (Dex -2) [potion of
                  | mutation]
 80129 | Zot:2    | Gained mutation: Your spells are a little harder to cast,
                  | but a little more powerful. [potion of mutation]
 80129 | Zot:2    | Gained mutation: You are agile. (Dex +4, Str/Int -1)
                  | [potion of mutation]
 80129 | Zot:2    | Gained mutation: You have sharp toenails. [potion of
                  | mutation]
 80130 | Zot:2    | Lost mutation: You are dopey. (Int -2) [potion of mutation]
 80130 | Zot:2    | Lost mutation: You occasionally lose the ability to read
                  | scrolls when taking damage. [potion of mutation]
 80130 | Zot:2    | Gained mutation: Your mind is acute. (Int +4, Str/Dex -1)
                  | [potion of mutation]
 80130 | Zot:2    | Lost mutation: You are agile. (Dex +4, Str/Int -1) [potion
                  | of mutation]
 80130 | Zot:2    | Gained mutation: You passively map a small area around you.
                  | [potion of mutation]
 80143 | Zot:2    | HP: 54/207 [??? (51)]
 80154 | Zot:2    | HP: 30/207 [??? (28)]
 80587 | Zot:3    | Reached skill level 21 in Armour
 81088 | Zot:3    | Found the +7 Spriggan's Knife {stab, EV+4 Stlth+}
 81245 | Zot:3    | Reached skill level 18 in Throwing
 81574 | Zot:4    | Found a huge runed gate.
 81574 | Zot:4    | Found a huge runed gate.
 81574 | Zot:4    | Found a huge runed gate.
 81574 | Zot:4    | Found a huge runed gate.
 81574 | Zot:4    | Found a huge runed gate.
 81574 | Zot:4    | Found a huge runed gate.
 81574 | Zot:4    | Found a huge runed gate.
 81574 | Zot:4    | Found a huge runed gate.
 81574 | Zot:4    | Found a huge runed gate.
 81575 | Zot:4    | Found a huge runed gate.
 81637 | Zot:4    | Found the +3 pair of mountain boots {steadfast, rC+}
 82197 | Zot:4    | Found a huge runed gate.
 82197 | Zot:4    | Found a huge runed gate.
 82198 | Zot:4    | Found a huge runed gate.
 82198 | Zot:4    | Found a huge runed gate.
 82198 | Zot:4    | Found a huge runed gate.
 82199 | Zot:4    | Found a huge runed gate.
 82200 | Zot:4    | Found a huge runed gate.
 82201 | Zot:4    | Found a huge runed gate.
 82205 | Zot:4    | Found a huge runed gate.
 82313 | Zot:4    | Found a huge runed gate.
 82313 | Zot:4    | Found a huge runed gate.
 82313 | Zot:4    | Found a huge runed gate.
 82313 | Zot:4    | Found a huge runed gate.
 82313 | Zot:4    | Found a huge runed gate.
 82313 | Zot:4    | Found a huge runed gate.
 82314 | Zot:4    | Found a huge runed gate.
 82315 | Zot:4    | Found a huge runed gate.
 82316 | Zot:4    | Found a huge runed gate.
 82325 | Zot:4    | Found a huge runed gate.
 82325 | Zot:4    | Found a huge runed gate.
 82325 | Zot:4    | Found a huge runed gate.
 82325 | Zot:4    | Found a huge runed gate.
 82325 | Zot:4    | Found a huge runed gate.
 82325 | Zot:4    | Found a huge runed gate.
 82326 | Zot:4    | Found a huge runed gate.
 82327 | Zot:4    | Found a huge runed gate.
 82561 | Zot:5    | Entered Level 5 of the Realm of Zot
 82569 | Zot:5    | Noticed a Killer Klown
 82592 | Zot:4    | Killed a Killer Klown
 82663 | Zot:5    | HP: 103/208 [yellow draconian annihilator/iron shot (58)]
 82668 | Zot:4    | HP: 102/208 [poisoned by a yellow draconian annihilator
                  | (poison arrow)]
 83484 | Zot:5    | Reached skill level 22 in Armour
 83899 | Zot:5    | Noticed an orb of fire
 83934 | Zot:5    | Killed an orb of fire
 83935 | Zot:5    | Reached skill level 16 in Fighting
 84353 | Zot:5    | Noticed a dread lich
 84441 | Zot:5    | Killed a dread lich
 84512 | Zot:5    | Noticed a Killer Klown
 84539 | Zot:4    | HP: 105/212 [Orb Guardian (37)]
 84822 | Zot:5    | Killed a Killer Klown
 85088 | Zot:5    | Noticed a Killer Klown
 85122 | Zot:5    | Killed a Killer Klown
 85166 | Zot:5    | Reached skill level 17 in Fighting
 85237 | Zot:5    | Noticed an orb of fire
 85241 | Zot:5    | Gained mutation: You occasionally lose the ability to read
                  | scrolls when taking damage. [an orb of fire]
 85252 | Zot:5    | Noticed a dread lich
 85254 | Zot:5    | Killed an orb of fire
 85259 | Zot:5    | Reached skill level 23 in Armour
 85262 | Zot:5    | Noticed an orb of fire
 85267 | Zot:5    | Killed a dread lich
 85278 | Zot:5    | Gained mutation: Potions are less effective at restoring
                  | your health. [an orb of fire]
 85285 | Zot:5    | Killed an orb of fire
 85442 | Zot:5    | Lost mutation: You passively map a small area around you.
                  | [potion of mutation]
 85442 | Zot:5    | Lost mutation: You occasionally lose the ability to read
                  | scrolls when taking damage. [potion of mutation]
 85442 | Zot:5    | Lost mutation: Your mind is acute. (Int +4, Str/Dex -1)
                  | [potion of mutation]
 85442 | Zot:5    | Gained mutation: You occasionally shout uncontrollably at
                  | your foes. [potion of mutation]
 85442 | Zot:5    | Gained mutation: You occasionally lose the ability to read
                  | scrolls when taking damage. [potion of mutation]
 85443 | Zot:5    | Lost mutation: Potions are less effective at restoring your
                  | health. [potion of mutation]
 85443 | Zot:5    | Lost mutation: You occasionally lose the ability to read
                  | scrolls when taking damage. [potion of mutation]
 85443 | Zot:5    | Lost mutation: Your spells are a little harder to cast, but
                  | a little more powerful. [potion of mutation]
 85443 | Zot:5    | Gained mutation: Your muscles are strong. (Str +4, Int/Dex
                  | -1) [potion of mutation]
 85443 | Zot:5    | Gained mutation: Your muscles are very strong. (Str +8,
                  | Int/Dex -2) [potion of mutation]
 85456 | Zot:5    | Noticed an orb of fire
 85477 | Zot:5    | Killed an orb of fire
 85717 | Zot:5    | Got the Orb of Zot
 85813 | Zot:2    | Noticed Mithiupt the pandemonium lord
 85930 | Depths:4 | Noticed Ritteec the pandemonium lord
 85938 | Depths:4 | HP: 82/217 [??? (79)]
 85941 | Depths:4 | HP: 40/217 [blizzard demon[Ritteec] (3)]
 85946 | Depths:4 | Killed Ritteec the pandemonium lord
 85953 | Depths:4 | Noticed Ytuom the pandemonium lord
 85960 | Depths:4 | Killed Ytuom the pandemonium lord
 86041 | Depths:4 | Noticed Oluyff the pandemonium lord
 86087 | Depths:3 | HP: 107/217 [??? (105)]
 86320 | D:15     | Reached skill level 18 in Fighting
 86369 | D:12     | Noticed Detreh the pandemonium lord
 86373 | D:12     | HP: 97/210 [???[Detreh] (95)]
 86389 | D:12     | HP: 104/210 [Detreh the pandemonium lord/bolt of cold (2)]
 86681 | D:$      | Escaped with the Orb!

Illustrated notes

Levels and vault maps discovered:
D:1:      wheals_arrival_linesprint, layout_basic, serial_forest,
          infiniplex_forest_end_3, infiniplex_forest_straight_4,
          infiniplex_forest_end_1, infiniplex_forest_clump_large,
          infiniplex_forest_corner_1, infiniplex_forest_clump_curved,
          infiniplex_forest_straight_5, shapermc_ecumenical_altar_totnotflames,
          serial_bayou_pond_e, minmay_misc_feat_alley
D:2:      layout_basic
D:3:      layout_loops_ring, pdpol_temple_overflow_zin_treasury_gozag_greed,
          fedhas_altar_4, serial_shops,
          nicolae_shop_temple_entry_statues_fountains,
          minmay_increasing_density, uniq_grinder, uniq_natasha, uniq_jessica,
          uniq_terence
D:4:      layout_loops_ring, amcnicky_altar_gilded, serial_shops, shop,
          minmay_small_thing
D:5:      layout_loops_corners, elyvilon_altar_5, minmay_temple_entry_mist,
          serial_shops, shop, enter_ossuary_5
D:6:      hangedman_cross_stitches, layout_rooms,
          minmay_overflow_temple_star_hex, uniq_pikel
D:7:      cheibrodos_wizards_tower, layout_loops_corners, gammafunk_ghost_hive,
          minmay_misc_feat_roman, columned_hall_lemuel,
          nicolae_shop_unique_rings
D:8:      layout_gridville, general_overflow_altar, david_lair_generic,
          enter_bailey_4
D:9:      layout_big_octagon, gammafunk_ghost_icy, serial_demonic,
          serial_demonic_c, serial_demonic_e, serial_demonic_c,
          serial_demonic_d, bh_circular_ruins, uniq_psyche
D:10:     layout_grid_maze, mainiacjoe_overflow_brackets,
          minmay_orc_entry_guard_dogs, serial_rivers,
          chequers_serial_rivers_large_a, chequers_serial_rivers_room_a,
          chequers_serial_rivers_micro_b, chequers_serial_rivers_micro_e,
          chequers_serial_rivers_micro_a, chequers_serial_rivers_micro_d,
          serial_shops, kennysheep_mini_moat
D:11:     layout_roguey, uniq_josephine
D:12:     minmay_the_grid_octo_triangle [minmay_the_grid_octo_pinwheel,
          minmay_the_grid_octo_prize_single_spiral,
          minmay_the_grid_octo_fan_narrow], layout_basic,
          kiku_gazebo_garden_becter
D:13:     layout_irregular_city, uniq_kirke
D:14:     layout_long_grid, david_vaults_4, kennysheep_nub, uniq_azrael,
          uniq_nessos
D:15:     gammafunk_enter_depths_forms, layout_layer_cave,
          portal_ice_cave_entry_ice_statue_one
Temple:   cyrus_temple_forest
Lair:1:   layout_gridlike, serial_bayou_shore_b, serial_bayou_shore_b,
          grunt_megastairs_2, uniq_sonja, uniq_erica
Lair:2:   layout_long_grid, spider_nest_entry_rubble, gauntlet_entry_generic
Lair:3:   layout_loops_ring, minmay_swamp_entry_eels,
          kennysheep_basilisk_garden, grunt_megastairs_1, serial_bayou_shore_a
Lair:4:   layout_gridlike, slime_entry_1, fungi_pond_lemuel, grunt_megastairs_5,
          infiniplex_staircase_pool
Lair:5:   cheibrodos_lair_end_hotspot, layout_cellular_growth,
          nicolae_lair_liquid_snakes
Swamp:1:  layout_basic_swamp, nicolae_swamp_big_swirl
Swamp:2:  layout_basic_swamp, nicolae_swamp_orc_logging_accident,
          nicolae_swamp_dragon_and_kin
Swamp:3:  layout_basic_swamp, evilmike_swamp_ruin_house_2, swamp_pool4,
          nicolae_swamp_some_circles
Swamp:4:  swamp_alternative, layout_basic_swamp, swamp_pool4
Spider:1: layout_spider_delve, nicolae_spider_undead_wolf_pack
Spider:2: layout_cave_pods, uniq_aizul
Spider:3: layout_spider_delve, uniq_arachne, uniq_mlioglotl, uniq_roxanne,
          uniq_mara
Spider:4: johnstein_spider_rune_arachne_lair
Orc:1:    layout_caves, nicolae_specific_store
Orc:2:    st_orc_mages, layout_diamond_mine
Elf:1:    minmay_elf_arrival_circle, layout_rooms, orc_legates, fountainhead,
          uniq_agnes
Elf:2:    nicolae_elf_blades_crystal_corner, layout_rooms, serial_shops,
          nicolae_shop_waterfront, hangedman_glass_teeth, minmay_misc_feat_rows,
          nicolae_elf_archery_training
Elf:3:    minmay_elf_hall_four_x, layout_geoelf_castle, serial_shops,
          nicolae_shop_hallway_plus, minivault_14, minmay_shoptagon
Vaults:1: nicolae_vaults_ring_of_whatevers, nicolae_vaults_quartermaster,
          nicolae_vaults_border_crossing, vaults_room_grid,
          nicolae_vaults_puzzle_piece, v_alt_pattern_3, vaults_mumra_hex,
          vaults_room_grunt_arrival_ludios, nicolae_vaults_ring_of_whatevers,
          vaults_room_corners, layout_vaults_omnibox, serial_shops,
          nicolae_shop_stone, uniq_donald
Vaults:2: vaults_room_mumra_shop_pool, v_misc_30, v_misc_33, vaults_room_boxed,
          hangedman_vaults_restitches, ontoclasm_vaults_spin,
          hangedman_vaults_corner_blocks, vaults_room_fancy_cross,
          ontoclasm_vaults_shuriken, vaults_mumra_minichess_inversion,
          layout_vaults_omnicross, uniq_saint_roka, uniq_bai_suzhen
Vaults:3: v_misc_8, v_rooms_6, v_rooms_6, ontoclasm_vaults_fire_temple,
          nicolae_vaults_three_branches, nicolae_vaults_little_squares_5,
          vaults_room_pool, minmay_crypt_entry_skeletal_spiral,
          ontoclasm_vaults_fault, v_rooms_2, ontoclasm_vaults_decontamination,
          vaults_room_semicircle, ontoclasm_vaults_twist, vaults_dpeg_hooks,
          ontoclasm_vaults_bender, nicolae_vaults_shelves_hall,
          layout_vaults_ring
Vaults:4: grunt_vaults_hallway_long, serial_ice_b, v_pattern_1,
          vaults_dpeg_encased_lava, v_misc_29, hangedman_vaults_nodes,
          v_misc_26, v_misc_1, nicolae_vaults_little_squares_4,
          vaults_room_semicircle, layout_vaults_omnigrid, serial_shops,
          bzr_entry_islet
Depths:1: layout_honeycomb, nicolae_gozag_seed_capital, hell_entry,
          nicolae_shop_i_like_big_books, kennysheep_generic_room_4,
          grunt_megastairs_3
Depths:2: minmay_isolated_rectangles_in_corner, layout_twisted_cross,
          enter_ziggurat_a, hellmouth_1, serial_shops,
          nicolae_shop_behind_doors, abyss_entry_small_statue_room,
          grunt_pan_entry_spiral, hangedman_stitches_earthworm, uniq_enchantress
Depths:3: cheibrodos_tormentor_scu, layout_cave_pools,
          hangedman_decor_diamond_cutter, abyss_entry, pf_hell_entry_tar_river,
          uniq_boris, uniq_margery
Depths:4: evilmike_zot_entry_hall, layout_gridville,
          lightli_enter_wizlab_magi_temple, hangedman_abyss_entry_splay,
          serial_shops, shop, hell_entry, gammafunk_ghost_necromancy,
          hangedman_decor_clover_reticule, minmay_shop_enchanted_jewellery
Zot:1:    layout_gridlike
Zot:2:    layout_cellular_growth
Zot:3:    gammafunk_mikee_crab_dinner, layout_onion_interference, st_stairs_6
Zot:4:    layout_twisted_circle, drop_trap, not_door_vault_mu
Zot:5:    layout_twisted_circle, hangedman_zot_decor_scrapings

Skill      XL: |  1  2  3  4  5  6  7  8  9 10 11 12 13 14 15 16 17 18 19 20 21 22 23 24 25 26 27 |
---------------+----------------------------------------------------------------------------------+-----
Fighting       | 2 3 4 5 8 11 12 14 15 18 | 18.1
Polearms       | 1 3 5 6 7 9 11 13 14 15 16 17 19 22 24 | 24.0
Armour         | 3 5 6 8 10 11 13 14 16 18 19 23 | 23.6
Invocations    | 2 5 8 11 13 15 16 | 16.0
Dodging        | 2 5 8 10 11 13 14 15 16 17 18 19 20 | 20.0
Throwing       | 5 9 10 12 13 14 16 18 | 18.0
Shields        | 5 9 11 14 15 17 18 20 | 20.5
Ranged Weapons | |  2.0
Spellcasting   | |  1.1
Hexes          | |  3.6

Action                   |  1- 3 |  4- 6 |  7- 9 | 10-12 | 13-15 | 16-18 | 19-21 | 22-24 | 25-27 || total
-------------------------+-------+-------+-------+-------+-------+-------+-------+-------+-------++-------
Melee: Trident           |       |    47 |   340 |   526 |  1286 |  1769 |   716 |       |       ||  4684
       Punch             |       |       |     1 |       |       |       |       |       |       ||     1
       Unarmed           |       |       |       |       |       |     4 |       |       |       ||     4
       Bardiche          |       |       |       |       |       |       |   877 |  1810 |  1198 ||  3885
       Glaive            |       |       |       |       |       |       |   135 |       |       ||   135
       Lance             |       |       |       |       |       |       |       |     1 |  1385 ||  1386
 Fire: Sling             |   126 |    93 |       |       |       |       |       |       |       ||   219
Throw: Boomerang         |       |       |       |       |       |   103 |    54 |       |    25 ||   182
       Dart              |       |       |       |       |       |    14 |     5 |       |       ||    19
 Cast: Slow              |    38 |    25 |    19 |     2 |       |       |       |       |       ||    84
Invok: Overgrow          |       |       |       |       |     1 |       |       |       |       ||     1
       Grow Oklob        |       |       |       |       |     2 |       |     2 |       |       ||     4
       Wall of Briars    |       |       |       |       |     1 |     1 |       |       |       ||     2
       Grow Ballistomyce |       |       |       |       |       |       |     1 |       |       ||     1
 Abil: Shaft Self        |       |       |       |     1 |       |       |     1 |       |       ||     2
       Dig               |       |       |       |       |       |     6 |     1 |       |     6 ||    13
Evoke: Wand              |       |       |       |    11 |     8 |     4 |       |       |    11 ||    34
       Phial of floods   |       |       |       |       |     2 |     2 |       |       |       ||     4
       Condenser vane    |       |       |       |       |     1 |     3 |       |     1 |       ||     5
  Use: Scroll            |       |       |       |    12 |     5 |    18 |    19 |     3 |    26 ||    83
       Potion            |       |       |       |     1 |     8 |     4 |     3 |    10 |    26 ||    52
 Stab: Distracted        |       |       |       |     1 |       |     2 |    10 |     1 |     2 ||    16
       Confused          |       |       |       |       |     2 |       |     2 |     5 |       ||     9
       Invisible         |       |       |       |       |     1 |     4 |       |    27 |    17 ||    49
       Fleeing           |       |       |       |       |       |       |     1 |     1 |       ||     2
Armor: Robe              |     4 |    16 |       |       |       |       |       |       |       ||    20
       Scale mail        |       |     5 |    68 |       |     3 |       |       |       |       ||    76
       Leather armour    |       |     3 |       |       |       |       |       |       |       ||     3
       Ring mail         |       |       |    25 |   103 |   231 |       |       |       |       ||   359
       Plate armour      |       |       |       |       |   114 |   671 |   599 |   489 |   360 ||  2233
       Gold dragon scale |       |       |       |       |       |       |       |       |   277 ||   277
Dodge: Dodged            |    20 |    53 |   126 |   143 |   426 |   524 |   469 |   747 |   647 ||  3155
Block: Other             |       |     1 |    22 |       |       |       |       |       |       ||    23
       Orb               |       |       |    30 |    63 |   172 |    57 |       |       |       ||   322
       Reflection        |       |       |     3 |     4 |     3 |    22 |    91 |    36 |    20 ||   179
       Kite shield       |       |       |       |       |       |   918 |  1153 |  1242 |  1268 ||  4581

Table legend: (Time is in decaauts)
 A = Elapsed time spent in this place.
 B = Non-inter-level travel time spent in this place.
 C = Inter-level travel time spent in this place.
 D = Time resting spent in this place.
 E = Time spent auto-exploring this place.
 F = Levels seen in this place.
 G = Mean time per level.
                   A        B        C        D        E       F      G
               +--------+--------+--------+--------+--------+-----+--------+
         Total |  84349 |  77538 |   6811 |  14419 |  43855 |  56 | 1506.2 |
       Dungeon |  22831 |  19130 |   3701 |   2176 |  11894 |  15 | 1522.1 |
        Temple |     93 |     68 |     25 |      0 |      0 |   1 |   93.0 |
          Lair |   6523 |   6009 |    514 |    268 |   4433 |   5 | 1304.6 |
         Swamp |   4660 |   4452 |    208 |    840 |   2843 |   4 | 1165.0 |
   Spider Nest |   7654 |   7233 |    421 |   2229 |   3374 |   4 | 1913.5 |
  Orcish Mines |   3477 |   3078 |    399 |   1202 |   1265 |   2 | 1738.5 |
   Elven Halls |   4673 |   4300 |    373 |    675 |   2210 |   3 | 1557.7 |
        Vaults |   8574 |   8223 |    351 |   1079 |   4705 |   4 | 2143.5 |
        Depths |   8357 |   7778 |    579 |   1284 |   4886 |   4 | 2089.2 |
           Zot |  11327 |  11091 |    236 |   3233 |   6176 |   5 | 2265.4 |
         Abyss |   1943 |   1943 |      0 |    347 |    220 |   4 |  485.8 |
        Bazaar |     76 |     76 |      0 |      0 |     27 |   1 |   76.0 |
       Ossuary |    395 |    395 |      0 |      0 |    207 |   1 |  395.0 |
      Ice Cave |   1331 |   1331 |      0 |    376 |    437 |   1 | 1331.0 |
        Wizlab |   1400 |   1400 |      0 |    218 |    926 |   1 | 1400.0 |
      Gauntlet |   1028 |   1028 |      0 |    487 |    250 |   1 | 1028.0 |
               +--------+--------+--------+--------+--------+-----+--------+

Top non-repeatable levels by time:
Spider:4: 2984 daAuts
   Zot:2: 2903 daAuts
Depths:4: 2686 daAuts
Spider:2: 2585 daAuts
Depths:2: 2469 daAuts
   Zot:3: 2389 daAuts
Vaults:1: 2338 daAuts
     D:3: 2265 daAuts
     D:2: 2223 daAuts
   Orc:2: 2205 daAuts
Vaults:4: 2172 daAuts
   Zot:5: 2125 daAuts
Vaults:2: 2097 daAuts
   Zot:4: 2077 daAuts
   Elf:3: 2034 daAuts
